Workbook
Name _1Sin_nombre: #REF!
Name _1Sin_nombre: #REF!
Name _PD2016: '[1]LISTA MPD'!$A$2:$A$644
Name _PDC2016: '[2]LISTA MPD'!$F$2:$F$917
Name Adm: #REF!
Name Adm: #REF!
Name akjhgbksdbj: #REF!
Name akjhgbksdbj: #REF!
Name ANEXOADQUISICION97: '[3]BP 1454_2.1.1'!#REF!
Name ANEXOADQUISICION97: '[3]BP 1454_2.1.1'!#REF!
Name ANEXOINTER2: #REF!
Name ANEXOINTER2: #REF!
Name asas: #REF!
Name asas: #REF!
Name BuiltIn_Print_Area: #REF!
Name BuiltIn_Print_Area: #REF!
Name BuiltIn_Print_Area___0: #REF!
Name BuiltIn_Print_Area___0: #REF!
Name BuiltIn_Print_Area___0___0: #REF!
Name BuiltIn_Print_Area___0___0: #REF!
Name BuiltIn_Print_Area___0___0___0: #REF!
Name BuiltIn_Print_Area___0___0___0: #REF!
Name BuiltIn_Print_Titles: #REF!
Name BuiltIn_Print_Titles: #REF!
Name caaa: #REF!
Name caaa: #REF!
Name cacha: #REF!
Name cacha: #REF!
Name cccccc: #REF!
Name cccccc: #REF!
Name cd: #REF!
Name cd: #REF!
Name CDCT: [4]PRESUPUESTO!$A$2
Name CENTROGESTOR: #REF!
Name CENTROGESTOR: #REF!
Name CENTROGESTORDEPENDENCIA: #REF!
Name CENTROGESTORDEPENDENCIA: #REF!
Name centrogestornuevo: #REF!
Name centrogestornuevo: #REF!
Name ci: #REF!
Name ci: #REF!
Name COSTOS_DIRECTOS: #REF!
Name COSTOS_DIRECTOS: #REF!
Name credito_completa: #REF!
Name credito_completa: #REF!
Name Cuadrillas: #REF!
Name Cuadrillas: #REF!
Name dddddd: #REF!
Name dddddd: #REF!
Name DEPENDENCIA: #REF!
Name DEPENDENCIA: #REF!
Name Descrip_cuadrillas: #REF!
Name Descrip_cuadrillas: #REF!
Name Descrip_equipos: #REF!
Name Descrip_equipos: #REF!
Name Descrip_transporte: #REF!
Name Descrip_transporte: #REF!
Name Descripción: #REF!
Name Descripción: #REF!
Name eeeee: #REF!

Sheet FORMATO 13
B2: FORMATO 13: CUADRO DE DESCRIPCIÓN, CANTIDADES, PRECIOS Y RESUMEN DE LA PROPUESTA ECONOMICA
B3: PROCESO No. 4162.010.32. 1.1056 de 2025
B5: PROPONENTE: GRARCO S.A.S
B7: DISTRITO ESPECIAL DE SANTIAGO DE CALI
B8: SECRETARÍA DEL DEPORTE Y LA RECREACION
B9: DEPENDENCIA 2025
B10: OBJETO: REALIZAR EL MANTENIMIENTO DE CAMPOS DE JUEGO HÍBRIDO Y DE GRAMA NATURAL DE LOS ESCENARIOS DEPORTIVOS Y RECREATIVOS DE ALTO RENDIMIENTO DEL DISTRITO ESPECIAL SANTIAGO DE CALI
B11: CAP | C11: DESCRIPCION
B12: 1 | C12: MANTENIMIENTO CAMPO DE JUEGO HÍBRIDO DEL ESTADIO OLÍMPICO PASCUAL GUERRERO | D12: UN | E12: VALOR UNIT | F12: CANTIDAD | G12: VALOR TOTAL
B13: =B12+0.01 -> 1.01 | C13: CEPILLADO: Movimiento de estolones de tal manera que queden en un sentido adecuado antes de realizar la labor de corte. El cepillado debe ser permanente y ajustado para la perfecta conservación de las gramillas. Siguiendo las indicaciones de la supervisión, interventoría o recomendaciones del contratista, debidamente aprobadas por el supervisor. Se realizará en sentido longitudinal y transversal utilizando una cepilladora manual tipo casette G860 de escobillas. Es necesario realizar cepillado antes de cada partido. Esto garantiza que el césped se presente de forma óptima definida por la entidad. Incluye, todos los materiales e insumos para su óptimo funcionamiento, operarios, herramienta menor y la recolección y disposición adecuada de los residuos. La maquinaria especializada tipo "brush soft" para esta actividad es provista por la entidad y deberá ser usada para el cepillado. Nota: Deberá garantizar el buen funcionamiento de la máquina durante la ejecución del contrato y deberá ser devuelta a la entidad en las mismas condiciones en las que fue entregada, asumiendo los costos asociados para este fin. | D13: VECES | E13: =APU!G33 -> 338755 | F13: 93 | G13: =ROUND(E13*F13,0) -> 31504215
B14: =B13+0.01 -> 1.02 | C14: CORTE: Mantener la altura adecuada del césped para favorecer un crecimiento saludable del campo de juego híbrido. Se debe realizar un corte antes de cada partido o evento a toda la gramilla, o de acuerdo con las indicaciones de la supervisión y/o interventoría y/o recomendación del contratista, debidamente aprobadas por el supervisor con la finalidad de tener a la altura óptima el prado. Incluye la maquinaria, la maquinaria especializada, el combustible, el operario, recolección y botada de sobrantes. El corte debe ser permanente y ajustado para la perfecta conservación de las gramillas. Se realizará en sentido longitudinal y transversal utilizando una cortadora manual tipo casette G860 de 8 hojas, previa instalación de hilos para demarcaciones de las franjas. Esto garantiza que el césped mantenga la altura óptima definida por la entidad. Incluye, todos los materiales e insumos para su óptimo funcionamiento, operarios, herramienta menor y la recolección y disposición adecuada de los residuos. La maquinaria especializada tipo "casette G860 de 8 hojas" para esta actividad es provista por la entidad y deberá ser usada para el corte. Nota: Deberá garantizar el buen funcionamiento de la máquina durante la ejecución del contrato y deberá ser devuelta a la entidad en las mismas condiciones en las que fue entregada, asumiendo los costos asociados para este fin. | D14: VECES | E14: =+APU!G60 -> 671957 | F14: 93 | G14: =ROUND(E14*F14,0) -> 62492001
B15: =B14+0.01 -> 1.03 | C15: ASPIRADO: Extraer los residuos de estolones longevos y de corte. El Aspirado debe ser permanente y después de cada corte. Siguiendo las indicaciones de la supervisión, interventoría o recomendaciones del contratista, debidamente aprobadas por el supervisor. Se realizará en sentido longitudinal y transversal utilizando una máquina aspiradora manual PR 34, siguiendo las indicaciones de la supervisión, interventoría o recomendaciones del contratista, debidamente aprobadas por el supervisor. Incluye, todos los materiales e insumos para su óptimo funcionamiento, operarios, herramienta menor y la recolección y disposición adecuada de los residuos. La maquinaria especializada tipo "PR34" para esta actividad es provista por la entidad y deberá ser usada para el aspirado. Nota: Deberá garantizar el buen funcionamiento de la máquina durante la ejecución del contrato y deberá ser devuelta a la entidad en las mismas condiciones en las que fue entregada, asumiendo los costos asociados para este fin. | D15: VECES | E15: =+APU!G86 -> 338754 | F15: 93 | G15: =ROUND(E15*F15,0) -> 31504122
B16: =B15+0.01 -> 1.04 | C16: RIEGO: Permanente dependiendo de las condiciones hidroclimátológicas y de la necesidad del campo. Siguiendo las indicaciones de la supervisión, interventoría o recomendaciones del contratista, debidamente aprobadas por el supervisor. Esta actividad incluye la operación del sistema de riego el cual debe ser continuo, El contratista deberá responder por las condiciones operativas del sistema de riego. Tener en cuenta que en algunos momentos, será necesario realizar el balance hídrico antes de aplicar el riego, para que su aplicación sea la adecuada. | D16: MES | E16: =+APU!G112 -> 1104134 | F16: 6 | G16: =ROUND(E16*F16,0) -> 6624804
B17: =B16+0.01 -> 1.05 | C17: DESHIERBE Y CONTROL DE MALEZAS: Eliminar las arvenses de hoja ancha y de hoja delgada que se presenten en el área de gramado. Siguiendo las indicaciones de la supervisión, interventoría o recomendaciones del contratista, debidamente aprobadas por el supervisor. Esta actividad debe ser de forma manual y permanente para evitar la presencia de malezas que puedan contaminar el césped, la frecuencia puede variar según el grado de infestación presente. Incluye: Insumos biológicos, mano de obra, equipos y herramientas necesarias. En caso de que se necesite usar un herbicida selectivo debe ser aprobado por el supervisor. | D17: MES | E17: =+APU!G137 -> 799033 | F17: 6 | G17: =ROUND(E17*F17,0) -> 4794198
B18: =B17+0.01 -> 1.06 | C18: FERTILIZACIÓN: Proporcionar los nutrientes necesarios para el crecimiento óptimo del césped. Se debe hacer alternada, liquida y granular. Una vez cada diez (10) días a toda la gramilla. La frecuencia puede variar de acuerdo con el análisis y estudio de suelos o de acuerdo con las indicaciones de la supervisión. Incluye los insumos o abonos químicos o biológicos, mano de obra, equipos y herramientas necesarias para su correcta ejecución. | D18: VECES | E18: =+APU!G165 -> 2008991 | F18: 18 | G18: =ROUND(E18*F18,0) -> 36161838
B19: =B18+0.01 -> 1.07 | C19: CONTROL DE PLAGAS Y ENFERMEDADES: Monitorear y controlar las plagas y enfermedades que puedan afectar elcampo de juego híbrido: Aplicación de micorrizas líquidas y entomopatógenos líquidos (trichoderma, beauveria baussiana, facelomicis v bacilus turigencis). Siguiendo las indicaciones de la supervisión, interventoría o recomendaciones del contratista, debidamente aprobadas por el supervisor. Incluye los insumos biológicos, mano de obra, equipos y herramientas necesarias para su correcta ejecución. | D19: VECES | E19: =+APU!G193 -> 1478176 | F19: 4 | G19: =ROUND(E19*F19,0) -> 5912704
B20: =B19+0.01 -> 1.08 | C20: AIREACIÓN CON PINES SÓLIDOS: Mejorar la circulación de aire y la penetración de agua y nutrientes en el suelo. Se debe realizar la aireación con pines sólidos una (1) vez cada 7 días o de acuerdo con las indicaciones de la supervisión y/o interventoría y/o recomendación del contratista, debidamente aprobadas por el supervisor. Se debe realizar la aireación con pines sólidos de 20 cm. Incluye, todos los materiales e insumos para su óptimo funcionamiento, operarios, herramienta menor y la recolección y disposición adecuada de los residuos. La maquinaria especializada tipo Aireador auto-propulsado o de toma fuerza hidráulico, con chuzos intercambiables de '/2” ó 3/4 “, que garantice profundidad mínima de 15 cm. para esta actividad la maquinaria es provista por la entidad y deberá ser usada para el aireación con pines sólidos. En algunos casos se deberá medir la compactación del suelo con el penetrometro antes de realizar la aireación. Nota: Deberá garantizar el buen funcionamiento de la máquina durante la ejecución del contrato y deberá ser devuelta a la entidad en las mismas condiciones en las que fue entregada, asumiendo los costos asociados para este fin. | D20: VECES | E20: =+APU!G218 -> 364233 | F20: 24 | G20: =ROUND(E20*F20,0) -> 8741592
B21: =B20+0.01 -> 1.09 | C21: VERTICUT LEVE: Corte vertical para disminuir el acolchonamiento de la grama. Se debe realizar una (1) vez cada 7 días ó de acuerdo con las indicaciones de la supervisión y/o interventoría y/o recomendación del contratista, debidamente aprobadas por el supervisor, en ambos sentidos con el fin de remover el acolchonamiento de la grama, facilitar la circulación de aire, agua y nutrientes. Incluye, todos los materiales e insumos para su óptimo funcionamiento, operarios, herramienta menor y la recolección y disposición adecuada de los residuos. La maquinaria especializada tipo “BLADE CASETTE“ para esta actividad es provista por la entidad y deberá ser usada para el verticute. Nota: Deberá garantizar el buen funcionamiento de la máquina durante la ejecución del contrato y deberá ser devuelta a la entidad en las mismas condiciones en las que fue entregada, asumiendo los costos asociados para este fin. | D21: VECES | E21: =+APU!G243 -> 416508 | F21: 24 | G21: =ROUND(E21*F21,0) -> 9996192
B22: =B21+0.01 -> 1.1 | C22: TOP DRESSING: Llenar los orificios realizados después de la aireación, en una proporción 80% arena de granulometría media lavada en lo posible del Rio Frayle y pasada por zaranda y 20% de tierra negra. Siguiendo las indicaciones de la supervisión, interventoría o recomendaciones del contratista, debidamente aprobadas por el supervisor. Se debe realizar con la aplicación de mínimo 18 M3 de arena cernida a toda la gramilla por lo menos una (1) vez durante la ejecución del contrato, con la maquinaría especializada tipo MATE-R-MATIC, conforme a las indicaciones de la supervisión y/o interventoría y/o recomendación del contratista, debidamente aprobadas por el supervisor. Incluye, todos los materiales e insumos para su óptimo funcionamiento, operarios, herramienta menor y la recolección y disposición adecuada de los residuos. La maquinaria especializada tipo “MATE-R-MATIC" para esta actividad es provista por la entidad y deberá ser usada para el top dressing. Nota: Deberá garantizar el buen funcionamiento de la máquina durante la ejecución del contrato y deberá ser devuelta a la entidad en las mismas condiciones en las que fue entregada, asumiendo los costos asociados para este fin. | D22: VECES | E22: =+APU!G268 -> 1976335 | F22: 1 | G22: =ROUND(E22*F22,0) -> 1976335
B23: =B22+0.01 -> 1.11 | C23: REPARACIÓN DE APIQUES O DIVOTS: Arreglar los baches generados después de cada partido, se realiza utilizando la herramienta especial para esta labor y en algunas ocasiones se debe realizar con la proporción 80% arena de granulometría media lavada en lo posible del Rio Frayle y pasada por zaranda y 20% de tierra negra. Se realiza después de cada partido, competencia o evento y después de uso del campo en eventos masivos. Siguiendo las indicaciones de la supervisión, interventoría o recomendaciones del contratista, debidamente aprobadas por el supervisor. Incluye materiales vegetales, orgánicos y minerales para el relleno; equipos y herramientas y mano de obra para su correcta ejecución. | D23: MES | E23: =+APU!G290 -> 418547 | F23: 6 | G23: =ROUND(E23*F23,0) -> 2511282
B24: =B23+0.01 -> 1.12 | C24: DEMARCACIÓN DE CAMPO: Aplicación de pintura para delimitar las áreas del campo de juego. Se debe realizar de manera permanente, previo a cada partido regional, nacional o internacional o las veces necesarias para las competencias o según los requerimientos de la interventoría y/o supervisión, siguiendo las indicaciones de la supervisión, interventoría o recomendaciones del contratista, debidamente aprobadas por el supervisor. Incluye, todos los materiales e insumos para la correcta ejecución de la actividad, la pintura a emplear debe ser vinilo especial blanco tipo II, operarios, herramienta menor. La maquinaria especializada tipo “LINE MARKER (WHEEL TO WHEEL)“ para esta actividad es provista por la entidad y deberá ser usada para la demarcación del campo. Nota: Deberá garantizar el buen funcionamiento de la máquina durante la ejecución del contrato y deberá ser devuelta a la entidad en las mismas condiciones en las que fue entregada, asumiendo los costos asociados para este fin. | D24: MES | E24: =+APU!G314 -> 3021674 | F24: 6 | G24: =ROUND(E24*F24,0) -> 18130044
B25: =B24+0.01 -> 1.13 | C25: MICRONIVELACIÓN: Nivelar tanto por arriba como por abajo del nivel del diseño de la cancha. Se debe realizar en el tiempo de duración del contrato cada que se evidencia desnivelación o cuando el supervisor del contrato lo indique. Se deberán realizar las labores de topografía requeridas para establecer los niveles de las gramas y controlar las actividades de nivelación y micronivelación. La micro nivelación de las gramas se debe hacer con arena mediana del rio Fraile cernida, lavada, seleccionada y tierra abonada. La proporción debe ser 80% arena y 20% tierra negra abonada con la maquinaría especializada tipo MATE-R-MATIC. La micro nivelación se establece a mínimo 2500 mts2, incluye nivelación topográfica, o de acuerdo a las indicaciones de la supervisión y/o interventoría y/o recomendación del contratista, debidamente aprobadas por el supervisor. Incluye, todos los materiales e insumos para su óptimo funcionamiento, operarios, herramienta menor y la recolección y disposición adecuada de los residuos. La maquinaria especializada tipo “MATE-R-MATIC de 0.33 m3, 499 km de capacidad“ para esta actividad es provista por la entidad y deberá ser usada para la micro nivelación. Nota: Deberá garantizar el buen funcionamiento de la máquina durante la ejecución del contrato y deberá ser devuelta a la entidad en las mismas condiciones en las que fue entregada, asumiendo los costos asociados para este fin. | D25: MES | E25: =+APU!G339 -> 1507576 | F25: 2 | G25: =ROUND(E25*F25,0) -> 3015152
B26: =B25+0.01 -> 1.14 | C26: ANÁLISIS Y ESTUDIO DE SUELOS: Consiste en sacar muestras del suelo con el barreno y llevarlos al laboratorio para identificar los parámetros físicos y químicos para realizar el plan de fertilización de la grama.Con el estudio se deben determinar: 1) Las propiedades de los sustratos, 2) Análisis físico-químico del suelo completo en laboratorio: a. físico: tipos de suelos, retención de humedad, capacidad de campo, punto de marchitez permanente, etc. b. químico: pH, % de nitrógeno, % de fósforo, % de potasio y % de elementos menores, etc., 3) Análisis del agua de riego: pH, dureza, solidos en suspensión, etc., y 4) Perfiles de los suelos de la cancha: mínimo cuatro (4) muestras por cancha, utilizando el barreno. Incluye los materiales, mano de obra, equipos y herramientas necesarias para su correcta ejecución. de acuerdo a las indicaciones de la supervisión y/o interventoría y/o recomendación del contratista, debidamente aprobadas por el supervisor. | D26: VECES | E26: =+APU!G360 -> 966666 | F26: 1 | G26: =ROUND(E26*F26,0) -> 966666
B27: =B26+0.01 -> 1.15 | C27: LIMPIEZA PERMANENTE Y RETIRO DE SOBRANTES: Se debe realizar de forma permanente, en todo el tiempo de duración del contrato. Siguiendo las indicaciones de la supervisión, interventoría o recomendaciones del contratista, debidamente aprobadas por el supervisor. Se debe realizar el aseo y limpieza del área de trabajo y sus alrededores afectados; todos los sobrantes de este trabajo deberán ser depositados en los sitios autorizados por la autoridad ambiental municipal. Incluye mano de obra, equipos y herramienta de cargue y descargue; maquinaria, equipo y herramienta para el transporte; trámite y costos de permisos para disposición de material de desecho. | D27: MES | E27: =+APU!G384 -> 1113280 | F27: 6 | G27: =ROUND(E27*F27,0) -> 6679680
B28: =B27+0.01 -> 1.16 | C28: FONDO AGOTABLE PARA COMPRA DE REPUESTOS Y EQUIPOS DE MANTENIMIENTO: : Este fondo está destinado a la adquisición de repuestos necesarios para el soporte eléctrico y electrónico del sistema de riego, motobombas y otros equipos requeridos para el mantenimiento del campo de juego híbrido. Su ejecución debe realizarse mediante un proceso de facturación y cotizaciones debidamente aprobadas por el interventor y/o supervisor del contrato. Este ítem incluye equipos y repuestos tales como: programadores de riego marca Toro TMC 424 o con características equivalentes, bomba de mínimo 10 caballos de fuerza para implementar en el sistema de riego, válvulas solenoides marca Toro o equivalentes, cable calibre 14, entre otros. Igualmente, podrá cubrir la facturación de mano de obra especializada en electricidad, electrónica y mecánica, debidamente justificada y aprobada por el interventor y/o supervisor. Notas importantes: Valor fijo e inmodificable: Este monto es establecido por la entidad y es igual para todos los proponentes, garantizando condiciones de igualdad en la presentación de propuestas. Ejecución presupuestal: La ejecución de este fondo se realizará conforme a las especificaciones definidas en el requerimiento técnico. El supervisor deberá aprobar previamente la cantidad y el valor unitario de cada repuesto y/o servicio antes de la adquisición o ejecución. Soportes obligatorios: El contratista deberá presentar los soportes correspondientes, incluyendo facturación aprobada por el interventor y/o supervisor. Toda documentación debe estar debidamente detallada y respaldada en el acta de liquidación del contrato. Esta modalidad garantiza transparencia, control y una ejecución eficiente de los recursos asignados para esta actividad. | D28: GLB | E28: 5510000 | F28: 1 | G28: =E28*F28 -> 5510000
B29: =B28+0.01 -> 1.17 | C29: Limpieza permanente para zonas expuestas por contaminación: incluye Lavado de andenes peatonales, escaleras, vías vehiculares incluyendo el sardinel, parqueaderos, rampas, escaleras, muros menores de 1 metro de altura y otras zonas duras del estadio Olímpico Pascual Guerrero, esta labor consiste en el barrido, recolección, acopio, trasiego y disposición final de los residuos sólidos y orgánicos que se encuentren dentro del área; incluyendo el control manual o químico de malezas, aplicación de agua y detergentes a alta presión, con máquinas hidrolavadoras de ser requerido, Incluye los materiales, mano de obra, equipos y herramientas necesarias para su correcta ejecución. Todos los sobrantes de este trabajo deberán ser depositados en los sitios autorizados por la autoridad ambiental municipal incluyendo trámite y costos de permisos para disposición de material de desecho. | D29: M2 | E29: =+APU!G410 -> 391 | F29: 10150 | G29: =ROUND(E29*F29,0) -> 3968650
B30: =B29+0.01 -> 1.18 | C30: MANTENIMIENTO DE GRAMAS EXTERIORES UNIDAD DEPORTIVA SAN FERNANDO | D30: M2 | E30: =+APU!G433 -> 274 | F30: 410 | G30: =ROUND(E30*F30,0) -> 112340
B31: SUBTOTAL TOTAL COSTOS DIRECTOS MANTENIMIENTO CAMPO DE JUEGO HÍBRIDO DEL ESTADIO OLÍMPICO PASCUAL GUERRERO | G31: =SUM(G13:G30) -> 240601815
C32: ADMINISTRACIÓN | F32: 0.305 | G32: =ROUND($G$31*F32,0) -> 73383554
C33: UTILIDAD | F33: 0.05 | G33: =ROUND($G$31*F33,0) -> 12030091
C34: TOTAL A.U. | F34: 0.355 | G34: =G32+G33 -> 85413645
C35: TOTAL CD INCLUIDO AU | G35: =G31+G34 -> 326015460
B36: 2 | C36: MANTENIMIENTO GRAMA NATURAL DEL ESTADIO INTERNACIONAL DE ATLETISMO PEDRO GRAJALES - CANCHA EN PISTA PRINCIPAL | D36: UN | E36: VALOR UNIT | F36: CANTIDAD | G36: VALOR TOTAL
B37: =B36+0.01 -> 2.01 | C37: CORTE: Mantener la altura adecuada del césped para favorecer un crecimiento saludable del gramado. Se debe realizar un corte antes de cada partido o evento a toda la gramilla, o de acuerdo con las indicaciones de la supervisión y/o interventoría y/o recomendación del contratista, debidamente aprobadas por el supervisor con la finalidad de tener a la altura óptima el prado. Incluye la maquinaria, la maquinaria especializada, el combustible, el operario, recolección y botada de sobrantes. El corte debe ser permanente y ajustado para la perfecta conservación de las gramillas. Se debe utilizar una cortadora especializada tipo greenera. Es necesario realizar un corte antes de cada partido o evento en toda la gramilla, siguiendo las indicaciones de la supervisión, interventoría o recomendaciones del contratista, debidamente aprobadas por el supervisor. Esto garantiza que el césped mantenga la altura óptima definida por la entidad. Incluye, toda la maquinaria necesaria, todos los materiales e insumos para su óptimo funcionamiento, operarios, herramienta menor y la recolección y disposición adecuada de los residuos. | D37: VECES | E37: =+APU!G467 -> 518089 | F37: 12 | G37: =ROUND(E37*F37,0) -> 6217068
B38: =B37+0.01 -> 2.02 | C38: RIEGO: Permanente dependiendo de las condiciones hidroclimátológicas y de la necesidad del campo. Siguiendo las indicaciones de la supervisión, interventoría o recomendaciones del contratista, debidamente aprobadas por el supervisor. | D38: MES | E38: =+APU!G493 -> 519074 | F38: 6 | G38: =ROUND(E38*F38,0) -> 3114444
B39: =B38+0.01 -> 2.03 | C39: DESHIERBE Y CONTROL DE MALEZAS: Eliminar las arvenses de hoja ancha y de hoja delgada que se presenten en el área de gramado. De manera permanente. Siguiendo las indicaciones de la supervisión, interventoría o recomendaciones del contratista, debidamente aprobadas por el supervisor. Esta actividad debe ser de forma manual y permanente, la frecuencia puede variar según el grado de infestación presente. Incluye: Mano de obra, equipos y herramientas necesarias. En caso de que se necesite usar un herbicida selectivo debe ser aprobado por el supervisor. | D39: MES | E39: =+APU!G519 -> 658559 | F39: 6 | G39: =ROUND(E39*F39,0) -> 3951354
B40: =B39+0.01 -> 2.04 | C40: FERTILIZACIÓN: Proporcionar los nutrientes necesarios para el crecimiento óptimo del césped. Se debe hacer alternada, liquida y granular. Una vez cada treinta (30) días a toda la gramilla. La frecuencia puede variar de acuerdo con las indicaciones de la supervisión. Suministro y aplicación de abono químico. Incluye los insumos, fertilizantes liquidos y granulares, mano de obra, equipos y herramientas necesarias para su correcta ejecución. La fertilización debe ser alternada entre forma líquida y sólida. | D40: VECES | E40: =+APU!G554 -> 1565383 | F40: 6 | G40: =ROUND(E40*F40,0) -> 9392298
B41: =B40+0.01 -> 2.05 | C41: CONTROL DE PLAGAS Y ENFERMEDADES: Monitorear y controlar las plagas y enfermedades que puedan afectar el campo de juego: Aplicación de micorrizas líquidas y entomopatógenos líquidos (trichoderma, beauveria baussiana, facelomicis v bacilus turigencis). Siguiendo las indicaciones de la supervisión, interventoría o recomendaciones del contratista, debidamente aprobadas por el supervisor. Incluye los insumos biológicos, mano de obra, equipos y herramientas necesarias para su correcta ejecución. | D41: VECES | E41: =+APU!G583 -> 700705 | F41: 4 | G41: =ROUND(E41*F41,0) -> 2802820
B42: =B41+0.01 -> 2.06 | C42: AIREACIÓN CON PINES SÓLIDOS: Mejorar la circulación de aire y la penetración de agua y nutrientes en el suelo. Se debe realizar la aireación con pines sólidos una (1) vez cada mes o de acuerdo con las indicaciones de la supervisión y/o interventoría y/o recomendación del contratista, debidamente aprobadas por el supervisor. Se debe realizar la aireación con pines sólidos de 20 cm, Incluye toda la maquinaria necesaria, todos los materiales e insumos para su óptimo funcionamiento, operarios, herramienta menor y la recolección y disposición adecuada de los residuos. | D42: VECES | E42: =+APU!G607 -> 463208 | F42: 6 | G42: =ROUND(E42*F42,0) -> 2779248
B43: =B42+0.01 -> 2.07 | C43: REPARACIÓN DE APIQUES O DIVOTS: Arreglar los baches generados después de cada partido, se realiza utilizando la herramienta especial para esta labor y en algunas ocasiones se debe realizar con la proporción 80% arena media y 20% tierra negra. Se realiza después de cada partido, competencia o evento y después de uso del campo en eventos masivos. Siguiendo las indicaciones de la supervisión, interventoría o recomendaciones del contratista, debidamente aprobadas por el supervisor.Incluye materiales vegetales, orgánicos y minerales para el relleno; equipos y herramientas y mano de obra para su correcta ejecución. | D43: MES | E43: =+APU!G631 -> 501434 | F43: 6 | G43: =ROUND(E43*F43,0) -> 3008604
B44: =B43+0.01 -> 2.08 | C44: MANTENIMIENTO DE FOSOS DE CAIDA Y OTRAS ÁREAS DE ARENA: Se debe realizar previo a cada evento de atletismo local, regional, nacional o internacional, o las veces necesarias para las competencias, ó según los requerimientos de la interventoría y/o supervisión o al menos. Incluye: cepillado, desmalezada y agregado de arena, o de acuerdo a las indicaciones de la supervisión y/o interventoría y/o recomendación del contratista, debidamente aprobadas por el supervisor. Incluye materiales minerales para el relleno; equipos y herramientas y mano de obra, necesarias para su correcta ejecucion. | D44: MES | E44: =+APU!G655 -> 617405 | F44: 3 | G44: =ROUND(E44*F44,0) -> 1852215
B45: =B44+0.01 -> 2.09 | C45: DISPOSICIÓN FINAL DE SOBRANTES: Se debe realizar el aseo y limpieza permanente del área de trabajo y sus alrededores afectados; todos los sobrantes de este trabajo deberán ser depositados en los sitios autorizados por la autoridad ambiental municipal. Incluye mano de obra, equipos y herramienta de cargue y descargue; maquinaria, equipo y herramienta para el transporte; trámite y costos de permisos para disposición de material de desecho. | D45: MES | E45: =+APU!G679 -> 1045329 | F45: 6 | G45: =ROUND(E45*F45,0) -> 6271974
B46: SUBTOTAL TOTAL COSTOS DIRECTOS MANTENIMIENTO GRAMA NATURAL DEL ESTADIO INTERNACIONAL DE ATLETISMO PEDRO GRAJALES - CANCHA EN PISTA PRINCIPAL | G46: =SUM(G37:G45) -> 39390025
B47: 3 | C47: MANTENIMIENTO GRAMA NATURAL DEL ESTADIO INTERNACIONAL DE ATLETISMO PEDRO GRAJALES - CANCHA EN PISTA DE CALENTAMIENTO | D47: UN | E47: VALOR UNIT | F47: CANTIDAD | G47: VALOR TOTAL
B48: =B47+0.01 -> 3.01 | C48: CORTE: Mantener la altura adecuada del césped para favorecer un crecimiento saludable del gramado. Se debe realizar un corte antes de cada partido o evento a toda la gramilla, o de acuerdo con las indicaciones de la supervisión y/o interventoría y/o recomendación del contratista, debidamente aprobadas por el supervisor, con la finalidad de tener a la altura óptima el prado. Incluye: La maquinaria especializada, el combustible, operarios, herramientas menores, recolección y disposición adecuada de los residuos. El corte debe ser permanente y ajustado para la perfecta conservación de las gramillas. Se debe utilizar una cortadora especializada tipo greenera. Esto garantiza que el césped mantenga la altura óptima definida por la entidad. | D48: VECES | E48: =+APU!G713 -> 518089 | F48: 27 | G48: =ROUND(E48*F48,0) -> 13988403
B49: =B48+0.01 -> 3.02 | C49: RIEGO: Permanente dependiendo de las condiciones hidroclimátológicas y de la necesidad del campo. Siguiendo las indicaciones de la supervisión, interventoría o recomendaciones del contratista, debidamente aprobadas por el supervisor. Permanente dependiendo de las condiciones hidroclimátológicas y de la necesidad del campo. | D49: MES | E49: =+APU!G739 -> 519074 | F49: 6 | G49: =ROUND(E49*F49,0) -> 3114444
B50: =B49+0.01 -> 3.03 | C50: DESHIERBE Y CONTROL DE MALEZAS: Eliminar las arvenses de hoja ancha y de hoja delgada que se presenten en el área de gramado. Esta actividad debe ser de forma manual y permanente para evitar la presencia de malezas que puedan contaminar el césped, la frecuencia puede variar según el grado de infestación presente o conforme a las indicaciones de la supervisión, interventoría o recomendaciones del contratista, debidamente aprobadas por el supervisor. Incluye:Insumos biológicos, mano de obra, equipos y herramientas necesarias. En caso de que se necesite usar un herbicida selectivo debe ser aprobado por el supervisor. | D50: MES | E50: =+APU!G763 -> 764394 | F50: 6 | G50: =ROUND(E50*F50,0) -> 4586364
B51: =B50+0.01 -> 3.04 | C51: FERTILIZACIÓN: Proporcionar los nutrientes necesarios para el crecimiento óptimo del césped. Se debe hacer alternada, liquida y granular. Una vez cada quince (15) días a toda la gramilla. La frecuencia puede variar de acuerdo con el análisis foliar y de suelos o de acuerdo con las indicaciones de la supervisión.Suministro y aplicación de abono químico. Incluye los insumos, fertilizantes liquidos y granulares, mano de obra, equipos y herramientas necesarias para su correcta ejecución. La fertilización debe ser alternada entre forma líquida y sólida. | D51: VECES | E51: =+APU!G796 -> 1311572 | F51: 12 | G51: =ROUND(E51*F51,0) -> 15738864
B52: =B51+0.01 -> 3.05 | C52: CONTROL DE PLAGAS Y ENFERMEDADES: Monitorear y controlar las plagas y enfermedades que puedan afectar elcampo de juego híbrido: Aplicación de micorrizas líquidas y entomopatógenos líquidos (trichoderma, beauveria baussiana, facelomicis v bacilus turigencis). Siguiendo las indicaciones de la supervisión, interventoría o recomendaciones del contratista, debidamente aprobadas por el supervisor. | D52: VECES | E52: =+APU!G825 -> 650068 | F52: 4 | G52: =ROUND(E52*F52,0) -> 2600272
B53: =B52+0.01 -> 3.06 | C53: AIREACIÓN CON PINES SÓLIDOS: Mejorar la circulación de aire y la penetración de agua y nutrientes en el suelo. Se debe realizar la aireación con pines sólidos una (1) vez cada mes o de acuerdo con las indicaciones de la supervisión y/o interventoría y/o recomendación del contratista, debidamente aprobadas por el supervisor. Se debe realizar la aireación con pines sólidos de 20 cm, Incluye toda la maquinaria necesaria, todos los materiales e insumos para su óptimo funcionamiento, operarios, herramienta menor y la recolección y disposición adecuada de los residuos. | D53: VECES | E53: =+APU!G849 -> 463208 | F53: 6 | G53: =ROUND(E53*F53,0) -> 2779248
B54: =B53+0.01 -> 3.07 | C54: TOP DRESSING: Llenar los orificios realizados después de la aireación, en una proporción 80% arena de granulometría media lavada y pasada por zaranda y 20% de tierra negra. 2kg de la mezcla por M2. Siguiendo las indicaciones de la supervisión, interventoría o recomendaciones del contratista, debidamente aprobadas por el supervisor. Incluye toda la maquinaria necesaria, todos los materiales e insumos para su óptimo funcionamiento, operarios, herramienta menor y la recolección y disposición adecuada de los residuos. | D54: VECES | E54: =+APU!G875 -> 1571268 | F54: 1 | G54: =ROUND(E54*F54,0) -> 1571268
B55: =B54+0.01 -> 3.08 | C55: REPARACIÓN DE APIQUES O DIVOTS: Arreglar los baches generados después de cada partido, se realiza utilizando la herramienta especial para esta labor y en algunas ocasiones se debe realizar con la proporción 80% arena media y 20% tierra negra. Se realiza después de cada partido, competencia o evento y después de uso del campo en eventos masivos. Siguiendo las indicaciones de la supervisión, interventoría o recomendaciones del contratista, debidamente aprobadas por el supervisor. Incluye materiales vegetales, orgánicos y minerales para el relleno; equipos y herramientas y mano de obra para su correcta ejecución. | D55: MES | E55: =+APU!G899 -> 501434 | F55: 6 | G55: =ROUND(E55*F55,0) -> 3008604
B56: =B55+0.01 -> 3.09 | C56: ANÁLISIS Y ESTUDIO DE SUELOS: Consiste en sacar muestras del suelo con el barreno y llevarlos al laboratorio para identificar los parámetros físicos y químicos para realizar el plan de fertilización de la grama.Con el estudio se deben determinar: 1) Las propiedades de los sustratos, 2) Análisis físico-químico del suelo completo en laboratorio: a. físico: tipos de suelos, retención de humedad, capacidad de campo, punto de marchitez permanente, etc. b. químico: pH, % de nitrógeno, % de fósforo, % de potasio y % de elementos menores, etc., 3) Análisis del agua de riego: pH, dureza, solidos en suspensión, etc., y 4) Perfiles de los suelos de la cancha: mínimo cuatro (4) muestras por cancha, utilizando el barreno. Incluye los materiales, mano de obra, equipos y herramientas necesarias para su correcta ejecución. de acuerdo a las indicaciones de la supervisión y/o interventoría y/o recomendación del contratista, debidamente aprobadas por el supervisor. | D56: VECES | E56: =+APU!G920 -> 966666 | F56: 1 | G56: =ROUND(E56*F56,0) -> 966666
B57: =B56+0.01 -> 3.1 | C57: DISPOSICIÓN FINAL DE SOBRANTES: Se debe realizar el aseo y limpieza permanente del área de trabajo y sus alrededores afectados; todos los sobrantes de este trabajo deberán ser depositados en los sitios autorizados por la autoridad ambiental municipal. Incluye mano de obra, equipos y herramienta de cargue y descargue; maquinaria, equipo y herramienta para el transporte; trámite y costos de permisos para disposición de material de desecho. | D57: MES | E57: =+APU!G944 -> 1045329 | F57: 6 | G57: =ROUND(E57*F57,0) -> 6271974
B58: SUBTOTAL TOTAL COSTOS DIRECTOS MANTENIMIENTO GRAMA NATURAL DEL ESTADIO INTERNACIONAL DE ATLETISMO PEDRO GRAJALES - CANCHA EN PISTA DE CALENTAMIENTO | G58: =SUM(G48:G57) -> 54626107
B59: 4 | C59: MANTENIMIENTO GRAMA NATURAL DEL DIAMANTE DE BÉISBOL | D59: UN | E59: VALOR UNIT | F59: CANTIDAD | G59: VALOR TOTAL
B60: =B59+0.01 -> 4.01 | C60: CORTE: Mantener la altura adecuada del césped para favorecer un crecimiento saludable del gramado. Se debe realizar un corte antes de cada partido o evento a toda la gramilla, o de acuerdo con las indicaciones de la supervisión y/o interventoría y/o recomendación del contratista, debidamente aprobadas por el supervisor, con la finalidad de tener a la altura óptima el prado. Incluye: La maquinaria especializada, el combustible, operarios, herramientas menores, recolección y disposición adecuada de los residuos. El corte debe ser permanente y ajustado para la perfecta conservación de las gramillas. Se debe utilizar una cortadora especializada tipo greenera. Esto garantiza que el césped mantenga la altura óptima definida por la entidad. | D60: VECES | E60: =+APU!G978 -> 518089 | F60: 12 | G60: =ROUND(E60*F60,0) -> 6217068
B61: =B60+0.01 -> 4.02 | C61: RIEGO: Permanente dependiendo de las condiciones hidroclimátológicas y de la necesidad del campo. Siguiendo las indicaciones de la supervisión, interventoría o recomendaciones del contratista, debidamente aprobadas por el supervisor. Esta actividad incluye la operación del sistema de riego el cual debe ser continuo, El contratista deberá responder por las condiciones operativas del sistema de riego. | D61: MESES | E61: =+APU!G1004 -> 519074 | F61: 6 | G61: =ROUND(E61*F61,0) -> 3114444
B62: =B61+0.01 -> 4.03 | C62: DESHIERBE Y CONTROL DE MALEZAS: Eliminar las arvenses de hoja ancha y de hoja delgada que se presenten en el área de gramado, siguiendo las indicaciones de la supervisión, interventoría o recomendaciones del contratista, debidamente aprobadas por el supervisor. Esta actividad debe ser de forma manual y permanente para evitar la presencia de malezas que puedan contaminar el césped, la frecuencia puede variar según el grado de infestación presente. Incluye insumos biológicos, mano de obra, equipos y herramientas necesarias. En caso de que se necesite usar un herbicida selectivo debe ser aprobado por el supervisor. | D62: MES | E62: =+APU!G1028 -> 764394 | F62: 6 | G62: =ROUND(E62*F62,0) -> 4586364
B63: =B62+0.01 -> 4.04 | C63: FERTILIZACIÓN: Proporcionar los nutrientes necesarios para el crecimiento óptimo del césped. Se debe hacer alternada, liquida y granular. Una vez cada quince (15) días a toda la gramilla. La frecuencia puede variar de acuerdo con el análisis de suelos o de acuerdo a las indicaciones de la supervisión y/o interventoría y/o recomendación del contratista, debidamente aprobadas por el supervisor. Incluye los insumos o abonos químicos o biológicos, mano de obra, equipos y herramientas necesarias para su correcta ejecución. La fertilización debe ser alternada en forma líquida y granular. | D63: VECES | E63: =+APU!G1064 -> 1211278 | F63: 12 | G63: =ROUND(E63*F63,0) -> 14535336
B64: =B63+0.01 -> 4.05 | C64: CONTROL DE PLAGAS Y ENFERMEDADES: Monitorear y controlar las plagas y enfermedades que puedan afectar elcampo de juego híbrido: Aplicación de micorrizas líquidas y entomopatógenos líquidos (trichoderma, beauveria baussiana, facelomicis v bacilus turigencis). Siguiendo las indicaciones de la supervisión, interventoría o recomendaciones del contratista, debidamente aprobadas por el supervisor. | D64: VECES | E64: =+APU!G1093 -> 721932 | F64: 4 | G64: =ROUND(E64*F64,0) -> 2887728
B65: =B64+0.01 -> 4.06 | C65: AIREACIÓN CON PINES SÓLIDOS: Mejorar la circulación de aire y la penetración de agua y nutrientes en el suelo. Se debe realizar la aireación con pines sólidos una (1) vez cada mes o de acuerdo con las indicaciones de la supervisión y/o interventoría y/o recomendación del contratista, debidamente aprobadas por el supervisor. Se debe realizar la aireación con pines sólidos de 20 cm. Incluye toda la maquinaria necesaria, todos los materiales e insumos para su óptimo funcionamiento, operarios, herramienta menor y la recolección y disposición adecuada de los residuos. En algunos momentos, se debe medir la compactación del suelo, con el penetrometro antes de hacer la aireación del suelo. | D65: VECES | E65: =+APU!G1117 -> 463208 | F65: 6 | G65: =ROUND(E65*F65,0) -> 2779248
B66: =B65+0.01 -> 4.07 | C66: TOP DRESSING: Llenar los orificios realizados después de la aireación, en una proporción 80% arena de granulometría media lavada y pasada por zaranda en lo posible del Rio Frayle y 20% de tierra negra. Siguiendo las indicaciones de la supervisión, interventoría o recomendaciones del contratista, debidamente aprobadas por el supervisor. Se debe realizar con la aplicación de mínimo 2 kg por M2 de arena cernida a toda la gramilla. Una (1) vez durante la ejecución del contrato. Incluye toda la maquinaria necesaria, todos los materiales e insumos para su óptimo funcionamiento, operarios, herramienta menor y la recolección y disposición adecuada de los residuos. | D66: VECES | E66: =+APU!G1143 -> 1571268 | F66: 1 | G66: =ROUND(E66*F66,0) -> 1571268
B67: =B66+0.01 -> 4.08 | C67: REPARACIÓN DE APIQUES O DIVOTS: Arreglar los baches generados después de cada partido, se realiza utilizando la herramienta especial para esta labor y en algunas ocasiones se debe realizar con la proporción 80% arena media y 20% tierra negra. Se realiza después de cada partido, competencia o evento y después de uso del campo en eventos masivos. Siguiendo las indicaciones de la supervisión, interventoría o recomendaciones del contratista, debidamente aprobadas por el supervisor. Incluye materiales vegetales, orgánicos y minerales para el relleno; equipos y herramientas y mano de obra para su correcta ejecución. | D67: MES | E67: =+APU!G1167 -> 501434 | F67: 6 | G67: =ROUND(E67*F67,0) -> 3008604
B68: =B67+0.01 -> 4.09 | C68: MANTENIMIENTO DEL INFIELD - ÁREAS EN POLVO DE LADRILLO: Se debe hacer relleno con polvo de ladrillo, cuatro (4) veces al mes; incluye cepillado, desmalezada y agregado de arena o polvo de ladrillo, un día por semana, o de acuerdo a las indicaciones de la interventoría y/o supervisor. Incluye materiales minerales para el relleno; equipos y herramientas; y mano de obra para su correcta ejecución. | D68: MES | E68: =+APU!G1191 -> 1329532 | F68: 2 | G68: =ROUND(E68*F68,0) -> 2659064
B69: =B68+0.01 -> 4.1 | C69: ANÁLISIS Y ESTUDIO DE SUELOS: Consiste en sacar muestras del suelo con el barreno y llevarlos al laboratorio para identificar los parámetros físicos y químicos para realizar el plan de fertilización de la grama. Con el estudio se deben determinar: 1) Las propiedades de los sustratos, 2) Análisis físico-químico del suelo completo en laboratorio: a. físico: tipos de suelos, retención de humedad, capacidad de campo, punto de marchitez permanente, etc. b. químico: pH, % de nitrógeno, % de fósforo, % de potasio y % de elementos menores, etc., 3) Análisis del agua de riego: pH, dureza, solidos en suspensión, etc., y 4) Perfiles de los suelos de la cancha: mínimo cuatro (4) muestras por cancha, utilizando el barreno. Incluye los materiales, mano de obra, equipos y herramientas necesarias para su correcta ejecución. de acuerdo a las indicaciones de la supervisión y/o interventoría y/o recomendación del contratista, debidamente aprobadas por el supervisor. | D69: VECES | E69: =+APU!G1212 -> 966666 | F69: 1 | G69: =ROUND(E69*F69,0) -> 966666
B70: =B69+0.01 -> 4.11 | C70: LIMPIEZA Y RETIRO DE SOBRANTES:Se debe realizar permanentemente como su nombre lo indica en todo el tiempo de duración del contrato. Se debe realizar el aseo y limpieza permanente del área de trabajo y sus alrededores afectados; todos los sobrantes de este trabajo deberán ser depositados en los sitios autorizados por la autoridad ambiental municipal - Dagma. Incluye mano de obra, equipos y herramienta de cargue y descargue; maquinaria, equipo y herramienta para el transporte; trámite y costos de permisos para disposición de material de desecho. | D70: MESES | E70: =+APU!G1236 -> 1045329 | F70: 6 | G70: =ROUND(E70*F70,0) -> 6271974
B71: SUBTOTAL TOTAL COSTOS DIRECTOS MANTENIMIENTO GRAMA NATURAL DEL DIAMANTE DE BÉISBOL | G71: =SUM(G60:G70) -> 48597764
B72: 5 | C72: MANTENIMIENTO GRAMA NATURAL DEL DIAMANTE DE SOFTBOL | D72: UN | E72: VALOR UNIT | F72: CANTIDAD | G72: VALOR TOTAL
B73: =B72+0.01 -> 5.01 | C73: CORTE: Mantener la altura adecuada del césped para favorecer un crecimiento saludable del gramado. Se debe realizar un corte antes de cada partido o evento a toda la gramilla, o de acuerdo con las indicaciones de la supervisión y/o interventoría y/o recomendación del contratista, debidamente aprobadas por el supervisor, con la finalidad de tener a la altura óptima el prado. Incluye: La maquinaria especializada, el combustible, operarios, herramientas menores, recolección y disposición adecuada de los residuos. El corte debe ser permanente y ajustado para la perfecta conservación de las gramillas. Se debe utilizar una cortadora especializada tipo greenera. Esto garantiza que el césped mantenga la altura óptima definida por la entidad. | D73: VECES | E73: =+APU!G1270 -> 518089 | F73: 12 | G73: =ROUND(E73*F73,0) -> 6217068
B74: =B73+0.01 -> 5.02 | C74: RIEGO: Permanente dependiendo de las condiciones hidroclimátológicas y de la necesidad del campo. Siguiendo las indicaciones de la supervisión, interventoría o recomendaciones del contratista, debidamente aprobadas por el supervisor. Esta actividad incluye la operación del sistema de riego el cual debe ser continuo, El contratista deberá responder por las condiciones operativas del sistema de riego. | D74: MESES | E74: =+APU!G1296 -> 519074 | F74: 6 | G74: =ROUND(E74*F74,0) -> 3114444
B75: =B74+0.01 -> 5.03 | C75: DESHIERBE Y CONTROL DE MALEZAS: Eliminar las arvenses de hoja ancha y de hoja delgada que se presenten en el área de gramado, siguiendo las indicaciones de la supervisión, interventoría o recomendaciones del contratista, debidamente aprobadas por el supervisor. Esta actividad debe ser de forma manual y permanente para evitar la presencia de malezas que puedan contaminar el césped, la frecuencia puede variar según el grado de infestación presente. Incluye insumos biológicos, mano de obra, equipos y herramientas necesarias. En caso de que se necesite usar un herbicida selectivo debe ser aprobado por el supervisor. | D75: MES | E75: =+APU!G1320 -> 764394 | F75: 6 | G75: =ROUND(E75*F75,0) -> 4586364
B76: =B75+0.01 -> 5.04 | C76: FERTILIZACIÓN: Proporcionar los nutrientes necesarios para el crecimiento óptimo del césped. Se debe hacer alternada, liquida y granular. Una vez cada quince (15) días a toda la gramilla. La frecuencia puede variar de acuerdo con el análisis de suelos o de acuerdo a las indicaciones de la supervisión y/o interventoría y/o recomendación del contratista, debidamente aprobadas por el supervisor. Incluye los insumos o abonos químicos o biológicos, mano de obra, equipos y herramientas necesarias para su correcta ejecución. La fertilización debe ser alternada en forma líquida y granular. | D76: VECES | E76: =+APU!G1356 -> 1211278 | F76: 12 | G76: =ROUND(E76*F76,0) -> 14535336
B77: =B76+0.01 -> 5.05 | C77: CONTROL DE PLAGAS Y ENFERMEDADES: Monitorear y controlar las plagas y enfermedades que puedan afectar elcampo de juego híbrido: Aplicación de micorrizas líquidas y entomopatógenos líquidos (trichoderma, beauveria baussiana, facelomicis v bacilus turigencis). Siguiendo las indicaciones de la supervisión, interventoría o recomendaciones del contratista, debidamente aprobadas por el supervisor. | D77: VECES | E77: =+APU!G1385 -> 721932 | F77: 4 | G77: =ROUND(E77*F77,0) -> 2887728
B78: =B77+0.01 -> 5.06 | C78: AIREACIÓN CON PINES SÓLIDOS: Mejorar la circulación de aire y la penetración de agua y nutrientes en el suelo. Se debe realizar la aireación con pines sólidos una (1) vez cada mes o de acuerdo con las indicaciones de la supervisión y/o interventoría y/o recomendación del contratista, debidamente aprobadas por el supervisor. Se debe realizar la aireación con pines sólidos de 20 cm. Incluye toda la maquinaria necesaria, todos los materiales e insumos para su óptimo funcionamiento, operarios, herramienta menor y la recolección y disposición adecuada de los residuos. En algunos momentos, se debe medir la compactación del suelo, con el penetrometro antes de hacer la aireación del suelo. | D78: MES | E78: =+APU!G1409 -> 463208 | F78: 6 | G78: =ROUND(E78*F78,0) -> 2779248
B79: =B78+0.01 -> 5.07 | C79: TOP DRESSING: Llenar los orificios realizados después de la aireación, en una proporción 80% arena de granulometría media lavada y pasada por zaranda en lo posible del Rio Frayle y 20% de tierra negra. Siguiendo las indicaciones de la supervisión, interventoría o recomendaciones del contratista, debidamente aprobadas por el supervisor. Se debe realizar con la aplicación de mínimo 2 kg por M2 de arena cernida a toda la gramilla. Una (1) vez durante la ejecución del contrato. Incluye toda la maquinaria necesaria, todos los materiales e insumos para su óptimo funcionamiento, operarios, herramienta menor y la recolección y disposición adecuada de los residuos. | D79: VECES | E79: =+APU!G1435 -> 1571268 | F79: 1 | G79: =ROUND(E79*F79,0) -> 1571268
B80: =B79+0.01 -> 5.08 | C80: REPARACIÓN DE APIQUES O DIVOTS: Arreglar los baches generados después de cada partido, se realiza utilizando la herramienta especial para esta labor y en algunas ocasiones se debe realizar con la proporción 80% arena media y 20% tierra negra. Se realiza después de cada partido, competencia o evento y después de uso del campo en eventos masivos. Siguiendo las indicaciones de la supervisión, interventoría o recomendaciones del contratista, debidamente aprobadas por el supervisor. Incluye materiales vegetales, orgánicos y minerales para el relleno; equipos y herramientas y mano de obra para su correcta ejecución. | D80: MESES | E80: =+APU!G1459 -> 501434 | F80: 6 | G80: =ROUND(E80*F80,0) -> 3008604
B81: =B80+0.01 -> 5.09 | C81: MANTENIMIENTO DEL INFIELD - ÁREAS EN POLVO DE LADRILLO: Se debe hacer relleno con polvo de ladrillo, cuatro (4) veces al mes; incluye cepillado, desmalezada y agregado de arena o polvo de ladrillo, un día por semana, o de acuerdo a las indicaciones de la interventoría y/o supervisor. Incluye materiales minerales para el relleno; equipos y herramientas; y mano de obra para su correcta ejecución. | D81: MESES | E81: =+APU!G1483 -> 1329532 | F81: 2 | G81: =ROUND(E81*F81,0) -> 2659064
B82: =B81+0.01 -> 5.1 | C82: ANÁLISIS Y ESTUDIO DE SUELOS: Consiste en sacar muestras del suelo con el barreno y llevarlos al laboratorio para identificar los parámetros físicos y químicos para realizar el plan de fertilización de la grama. Con el estudio se deben determinar: 1) Las propiedades de los sustratos, 2) Análisis físico-químico del suelo completo en laboratorio: a. físico: tipos de suelos, retención de humedad, capacidad de campo, punto de marchitez permanente, etc. b. químico: pH, % de nitrógeno, % de fósforo, % de potasio y % de elementos menores, etc., 3) Análisis del agua de riego: pH, dureza, solidos en suspensión, etc., y 4) Perfiles de los suelos de la cancha: mínimo cuatro (4) muestras por cancha, utilizando el barreno. Incluye los materiales, mano de obra, equipos y herramientas necesarias para su correcta ejecución. de acuerdo a las indicaciones de la supervisión y/o interventoría y/o recomendación del contratista, debidamente aprobadas por el supervisor. | D82: VECES | E82: =+APU!G1504 -> 966666 | F82: 1 | G82: =ROUND(E82*F82,0) -> 966666
B83: =B82+0.01 -> 5.11 | C83: LIMPIEZA Y RETIRO DE SOBRANTES:Se debe realizar permanentemente como su nombre lo indica en todo el tiempo de duración del contrato. Se debe realizar el aseo y limpieza permanente del área de trabajo y sus alrededores afectados; todos los sobrantes de este trabajo deberán ser depositados en los sitios autorizados por la autoridad ambiental municipal - Dagma. Incluye mano de obra, equipos y herramienta de cargue y descargue; maquinaria, equipo y herramienta para el transporte; trámite y costos de permisos para disposición de material de desecho. | D83: MESES | E83: =+APU!G1528 -> 1045329 | F83: 6 | G83: =ROUND(E83*F83,0) -> 6271974
B84: SUBTOTAL TOTAL COSTOS DIRECTOS MANTENIMIENTO GRAMA NATURAL DEL DIAMANTE DE SOFTBOL | G84: =SUM(G73:G83) -> 48597764
B85: 6 | C85: TIRO CON ARCO | D85: UN | E85: VALOR UNIT | F85: CANTIDAD | G85: VALOR TOTAL
B86: =B85+0.01 -> 6.01 | C86: CORTE: El corte debe ser permanente y ajustado para la perfecta conservación de las gramillas. Se realizará en sentido longitudinal y transversal utilizando una cortadora especializada tipo greenera. Es necesario realizar un corte antes de cada partido o evento en toda la gramilla, siguiendo las indicaciones de la supervisión, interventoría o recomendaciones del contratista, debidamente aprobadas por el supervisor. Esto garantiza que el césped mantenga la altura óptima definida por la entidad. Incluye, toda la maquinaria necesaria, todos los materiales e insumos para su óptimo funcionamiento, operarios, herramienta menor y la recolección y disposición adecuada de los residuos. | D86: VECES | E86: =+APU!G1560 -> 518089 | F86: 27 | G86: =ROUND(E86*F86,0) -> 13988403
B87: =B86+0.01 -> 6.02 | C87: LIMPIEZA Y RETIRO DE SOBRANTES:Se debe realizar permanentemente como su nombre lo indica en todo el tiempo de duración del contrato. Se debe realizar el aseo y limpieza permanente del área de trabajo y sus alrededores afectados; todos los sobrantes de este trabajo deberán ser depositados en los sitios autorizados por la autoridad ambiental municipal - Dagma. Incluye mano de obra, equipos y herramienta de cargue y descargue; maquinaria, equipo y herramienta para el transporte; trámite y costos de permisos para disposición de material de desecho. | D87: MESES | E87: =+APU!G1583 -> 1019196 | F87: 6 | G87: =ROUND(E87*F87,0) -> 6115176
B88: SUBTOTAL TOTAL COSTOS DIRECTOS GRAMAS EXTERIORES | G88: =SUM(G86:G87) -> 20103579
B89: 7 | C89: LIMPIEZA DE AREAS | D89: UN | E89: VALOR UNIT | F89: CANTIDAD | G89: VALOR TOTAL
B90: =B89+0.01 -> 7.01 | C90: LIMPIEZA PERMANENTE DE ZONAS EXPUESTAS POR CONTAMINACIÓN: Incluye Lavado de andenes peatonales, escaleras, vias vehiculares incluyendo el sardinel, parqueaderos, rampas, escaleras, muros menores de 1 metro de altura y otras zonas duras, esta labor consiste en el barrido, recolección, acopio, trasiego y disposición final de los residuos sólidos y orgánicos que se encuentren dentro del área en la unidades deportivas de alto rendimiento Jaime Aparicio, Alberto Galindo y Mariano Ramos; incluyendo el control manual o químico de malezas, aplicación de agua y detergentes a alta presión, con máquinas hidrolavadoras de ser requerido, Incluye los materiales, mano de obra, equipos y herramientas necesarias para su correcta ejecución. todos los sobrantes de este trabajo deberán ser depositados en los sitios autorizados por la autoridad ambiental municipal incluyendo trámite y costos de permisos para disposición de material de desecho. | D90: M2 | E90: =+APU!G1611 -> 390 | F90: 61321 | G90: =ROUND(E90*F90,0) -> 23915190
B91: SUBTOTAL TOTAL COSTOS DIRECTOS LIMPIEZA DE AREAS | G91: =SUM(G90) -> 23915190
B92: 8 | C92: FONDO AGOTABLE | D92: UN | E92: VALOR UNIT | F92: CANTIDAD | G92: VALOR TOTAL
B93: =B92+0.01 -> 8.01 | C93: FONDO AGOTABLE PARA COMPRA DE REPUESTOS Y EQUIPOS DE MANTENIMIENTO: Este fondo está destinado a la adquisición de repuestos necesarios para el soporte eléctrico y electrónico del sistema de riego, motobombas y otros equipos requeridos para el mantenimiento de las gramas que se encuentren dentro del área en las unidades deportivas de alto rendimiento Jaime Aparicio, Alberto Galindo y Mariano Ramos. Su ejecución debe realizarse mediante un proceso de facturación y cotizaciones debidamente aprobadas por el interventor y/o supervisor del contrato. Este ítem incluye equipos y repuestos tales como: bomba para implementar en el sistema de riego, válvulas, cable, entre otros. Asimismo, podrá utilizarse para facturar la mano de obra especializada en electricidad, electrónica y mecánica, siempre que esté debidamente justificada y cuente con la aprobación previa del interventor y/o supervisor. Notas importantes: Valor fijo e inmodificable: Este monto es establecido por la entidad y es igual para todos los proponentes, garantizando condiciones de igualdad en la presentación de propuestas. Ejecución presupuestal: La ejecución de este fondo se realizará conforme a las especificaciones definidas en el requerimiento técnico. El Supervisor deberá aprobar previamente la cantidad y el valor unitario de cada repuesto y/o servicio de mano de obra especializada antes de la adquisición o ejecución. Soportes obligatorios: El contratista deberá presentar los soportes correspondientes, incluyendo facturación aprobada por el interventor y/o supervisor. Toda documentación debe estar debidamente detallada y respaldada en el acta de liquidación del contrato. Esta modalidad garantiza transparencia, control y una ejecución eficiente de los recursos asignados para esta actividad. | D93: GLB | E93: 16000000 | F93: 1 | G93: =E93*F93 -> 16000000
B94: SUBTOTAL TOTAL COSTOS DIRECTOS LIMPIEZA DE AREAS | G94: =G93 -> 16000000
B95: 9 | C95: MANTENIMIENTO DE GRAMAS EXTERIORES | D95: UN | E95: VALOR UNIT | F95: CANTIDAD | G95: VALOR TOTAL
B96: =B95+0.01 -> 9.01 | C96: UNIDAD DEPORTIVA ALBERTO GALINDO | D96: M2 | E96: =+APU!G1639 -> 231 | F96: 70330.284 | G96: =ROUND(E96*F96,0) -> 16246296
B97: =B96+0.01 -> 9.02 | C97: UNIDAD DEPORTIVA JAIME APARICIO | D97: M2 | E97: =+APU!G1663 -> 231 | F97: 48436 | G97: =ROUND(E97*F97,0) -> 11188716
B98: =B97+0.01 -> 9.03 | C98: UNIDAD DEPORTIVA MARIANO RAMOS | D98: M2 | E98: =+APU!G1687 -> 231 | F98: 4896 | G98: =ROUND(E98*F98,0) -> 1130976
B99: SUBTOTAL TOTAL COSTOS DIRECTOS GRAMAS EXTERIORES | G99: =SUM(G96:G98) -> 28565988
B100: SUBTOTAL TOTAL COSTOS DIRECTOS MANTENIMIENTO CAMPO GRAMAS PEDRO GRAJALES, BEISBOL, SOFBOL, TIRO CON ARCO Y EXTERIORES | G100: =G99+G94+G91+G88+G84+G71+G58+G46 -> 279796417
C101: ADMINISTRACIÓN | F101: 0.375 | G101: =ROUND($G$100*F101,0) -> 104923656
C102: UTILIDAD | F102: 0.05 | G102: =ROUND($G$100*F102,0) -> 13989821
C103: TOTAL A.U. | F103: =F101+F102 -> 0.425 | G103: =G101+G102 -> 118913477
...

Sheet A.U. COMPONENTE 1
B2: COSTOS ADMINISTRATIVOS DEL AU
B4: COMPONENTE 1
B6: VALOR COSTO DIRECTO | I6: ='FORMATO 13'!G31 -> 240601815
B7: VALOR DEL CONTRATO | I7: ='FORMATO 13'!G35 -> 326015460
B8: DURACIÓN PROYECTO (MESES) | I8: 6
B10: Descripción | C10: CANT | D10: Valor mensual | E10: % factor prestacional | F10: Vr. Mensual integral | G10: % dedica-ción | H10: Duración (meses) | I10: Valor total
B11: PERSONAL PROFESIONAL | I11: =SUM(I12:I13) -> 4763700
B12: Director ingeniero Agrónomo o Agrícola | C12: 1 | D12: 4500000 | E12: 0.58 | F12: =(D12*E12)+D12 -> 7110000 | G12: 0.05 | H12: =I8 -> 6 | I12: =F12*H12*G12 -> 2133000
B13: Profesional de seguridad y salud en el trabajo | C13: 1 | D13: 1850000 | E13: 0.58 | F13: =(D13*E13)+D13 -> 2923000 | G13: 0.15 | H13: =I8 -> 6 | I13: =F13*H13*G13 -> 2630700
B14: PERSONAL TECNICO Y ADMINISTRATIVO | I14: =I15 -> 2133000
B15: Jefe de cuadrilla Mantenimiento Gramas Naturales | C15: 2 | D15: 1500000 | E15: 0.58 | F15: =(D15*E15)+D15 -> 2370000 | G15: 0.15 | H15: =I8 -> 6 | I15: =F15*H15*G15 -> 2133000
I16: =I11+I14 -> 6896700
B17: Oficina, papeleria y otros | I17: =SUM(I18:I19) -> 550000
B18: DOTACIONES EPP PARA PERSONAL(CASCO BOTAS OVEROL) INCLUYE DOTACION DE SEGURIDAD INDUSTRIAL | C18: 1 | E18: GLB | F18: 250000 | H18: 1 | I18: =H18*F18*C18 -> 250000
B19: COSTO PAPELERIA, FOTOCOPIAS, TRANSPORTES | C19: 1 | E19: MES | F19: 50000 | G19: 1 | H19: =I8 -> 6 | I19: =F19*H19*G19 -> 300000
I20: =I17 -> 550000
B21: Pólizas del contrato | D21: Vr. o vigencia req | E21: Duración | F21: Prima como % Vr.cntrt. | G21: % dedica-ción | H21: Duración (meses) | I21: Valor total
B22: POLIZA DE CUMPLIMIENTO | D22: 0.2 | E22: 6 | F22: 0.001 | I22: =ROUND($I$7*F22,0) -> 326015
B23: POLIZA DE RESP. CIVIL EXTRAC. (SMMLV) | D23: 200 | E23: 6 | F23: 0.001 | I23: =ROUND($I$7*F23,0) -> 326015
B24: POLIZA DE ESTABILIDAD (O CALIDAD) | D24: 0.2 | E24: 6 | F24: 0.004 | I24: =ROUND($I$7*F24,0) -> 1304062
B25: POLIZA DE SALARIOS Y PREST. SOC. | D25: 0.1 | E25: 36 | F25: 0.001 | I25: =ROUND($I$7*F25,0) -> 326015
B26: Sobretasas al valor del contrato | I26: =SUM(I22:I25) -> 2282107
B27: CONTRIBUCIÓN ESPECIAL - CONTRATO DE OBRA O MANTENIMIENTO | E27: 0.05 | I27: =ROUND($I$7*E27,0) -> 16300773
B28: PROCULTURA: SEGÚN VALOR CONTRATO > UVT 4,072 (MAYOR A $139,547,440) | E28: 0.01 | I28: =ROUND($I$7*E28,0) -> 3260155
B29: PRODESARROLLO: SEGÚN VALOR CONTRATO >= 2,196 UVT (IGUAL O MAYOR A $75,256,920) | E29: 0.035 | I29: =ROUND($I$7*E29,0) -> 11410541
B30: PRO UNIVALLE | E30: 0.02 | I30: =ROUND($I$7*E30,0) -> 6520309
B31: PRO HOSPITAL | E31: 0.01 | I31: =ROUND($I$7*E31,0) -> 3260155
B32: PRO-UNIPACÍFICO: TODO TIPO DE CONTRATOS | E32: 0.005 | I32: =ROUND($I$7*E32,0) -> 1630077
B33: PRO - BIENESTAR ADULTO MAYOR | E33: 0.02 | I33: =ROUND($I$7*E33,0) -> 6520309
B34: PRO - DEPORTE | E34: 0.02 | I34: =ROUND($I$7*E34,0) -> 6520309
B35: PRO-JUSTICIA FAMILIAR | E35: 0.02 | I35: =ROUND($I$7*E35,0) -> 6520309
B36: Impuesto de Timbre Nacional >=6000 UVT (Igual o mayor a $298.794.000) | E36: 0.005 | I36: =ROUND($I$7*E36,0) -> 1630077
I37: =SUM(I27:I36) -> 63573014
B38: VALOR TOTAL COSTOS ADMINISTRATIVOS ESTIMADOS ($) | I38: =I16+I20+I26+I37 -> 73301821
B40: COSTOS ADMINISTRATIVOS COMO % DEL COSTO DIRECTO | I40: =ROUND(I38/I6,3) -> 0.305
B42: UTILIDAD COMO % DEL COSTO DIRECTO | I42: 0.05
B44: TOTAL ADMINISTRACIÓN Y UTILIDAD COMO % DEL COSTO DIRECTO | I44: =I40+I42 -> 0.355
B55: Representante Legal | E55: INGENIERA AGRONOMA
B56: GUSTAVO EDUARDO AGUILAR DONNEYS | E56: ING. BRAHIAN ALEXIS VÁSQUEZ NARVAEZ
B58: De acuerdo con lo expresado en la Ley 842 de 2003 y debido a que el suscriptor de la presente propuesta no es Ingeniero matriculado, yo BRAHIAN ALEXIS VÁSQUEZ NARVAEZ Ingeniero con Matricula Profesional No. T.P.76209237073 VLL C.C. No 1.113.633.169 de Palmira, avalar la presente propuesta”

Sheet A.U. COMPONENTE 2
B2: COSTOS ADMINISTRATIVOS DEL AU
B4: COMPONENTE 2
B6: VALOR COSTO DIRECTO | I6: ='FORMATO 13'!G100 -> 279796417
B7: VALOR DEL CONTRATO | I7: ='FORMATO 13'!G104 -> 398709894
B8: DURACIÓN PROYECTO (MESES) | I8: 6
B10: Descripción | C10: CANT | D10: Valor mensual | E10: % factor prestacional | F10: Vr. Mensual integral | G10: % dedica-ción | H10: Duración (meses) | I10: Valor total
B11: PERSONAL PROFESIONAL | I11: =SUM(I12:I13) -> 14291100
B12: Director ingeniero Agrónomo o Agrícola | C12: 1 | D12: 4500000 | E12: 0.58 | F12: =(D12*E12)+D12 -> 7110000 | G12: 0.15 | H12: =I8 -> 6 | I12: =F12*H12*G12 -> 6399000
B13: Profesional de seguridad y salud en el trabajo | C13: 1 | D13: 1850000 | E13: 0.58 | F13: =(D13*E13)+D13 -> 2923000 | G13: 0.45 | H13: =I8 -> 6 | I13: =F13*H13*G13 -> 7892100
B14: PERSONAL TECNICO Y ADMINISTRATIVO | I14: =I15 -> 6399000
B15: Jefe de cuadrilla Mantenimiento Gramas Naturales | C15: 2 | D15: 1500000 | E15: 0.58 | F15: =(D15*E15)+D15 -> 2370000 | G15: 0.45 | H15: =I8 -> 6 | I15: =F15*H15*G15 -> 6399000
I16: =I11+I14 -> 20690100
B17: Oficina, papeleria y otros | I17: =SUM(I18:I19) -> 3800000
B18: DOTACIONES EPP PARA PERSONAL(CASCO BOTAS OVEROL) INCLUYE DOTACION DE SEGURIDAD INDUSTRIAL | C18: =4*3+2 -> 14 | E18: GLB | F18: 250000 | H18: 1 | I18: =H18*F18*C18 -> 3500000
B19: COSTO PAPELERIA, FOTOCOPIAS, TRANSPORTES | C19: 1 | E19: MES | F19: 50000 | G19: 1 | H19: =I8 -> 6 | I19: =F19*H19*G19 -> 300000
I20: =I17 -> 3800000
B21: Pólizas del contrato | D21: Vr. o vigencia req | E21: Duración | F21: Prima como % Vr.cntrt. | G21: % dedica-ción | H21: Duración (meses) | I21: Valor total
B22: POLIZA DE CUMPLIMIENTO | D22: 0.2 | E22: 6 | F22: 0.001 | I22: =ROUND($I$7*F22,0) -> 398710
B23: POLIZA DE RESP. CIVIL EXTRAC. (SMMLV) | D23: 200 | E23: 6 | F23: 0.001 | I23: =ROUND($I$7*F23,0) -> 398710
B24: POLIZA DE ESTABILIDAD (O CALIDAD) | D24: 0.2 | E24: 6 | F24: 0.004 | I24: =ROUND($I$7*F24,0) -> 1594840
B25: POLIZA DE SALARIOS Y PREST. SOC. | D25: 0.1 | E25: 36 | F25: 0.001 | I25: =ROUND($I$7*F25,0) -> 398710
B26: Sobretasas al valor del contrato | I26: =SUM(I22:I25) -> 2790970
B27: CONTRIBUCIÓN ESPECIAL - CONTRATO DE OBRA O MANTENIMIENTO | E27: 0.05 | I27: =ROUND($I$7*E27,0) -> 19935495
B28: PROCULTURA: SEGÚN VALOR CONTRATO > UVT 4,072 (MAYOR A $139,547,440) | E28: 0.01 | I28: =ROUND($I$7*E28,0) -> 3987099
B29: PRODESARROLLO: SEGÚN VALOR CONTRATO >= 2,196 UVT (IGUAL O MAYOR A $75,256,920) | E29: 0.035 | I29: =ROUND($I$7*E29,0) -> 13954846
B30: PRO UNIVALLE | E30: 0.02 | I30: =ROUND($I$7*E30,0) -> 7974198
B31: PRO HOSPITAL | E31: 0.01 | I31: =ROUND($I$7*E31,0) -> 3987099
B32: PRO-UNIPACÍFICO: TODO TIPO DE CONTRATOS | E32: 0.005 | I32: =ROUND($I$7*E32,0) -> 1993549
B33: PRO - BIENESTAR ADULTO MAYOR | E33: 0.02 | I33: =ROUND($I$7*E33,0) -> 7974198
B34: PRO - DEPORTE | E34: 0.02 | I34: =ROUND($I$7*E34,0) -> 7974198
B35: PRO-JUSTICIA FAMILIAR | E35: 0.02 | I35: =ROUND($I$7*E35,0) -> 7974198
B36: Impuesto de Timbre Nacional >=6000 UVT (Igual o mayor a $298.794.000) | E36: 0.005 | I36: =ROUND($I$7*E36,0) -> 1993549
I37: =SUM(I27:I36) -> 77748429
B38: VALOR TOTAL COSTOS ADMINISTRATIVOS ESTIMADOS ($) | I38: =I16+I20+I26+I37 -> 105029499
B40: COSTOS ADMINISTRATIVOS COMO % DEL COSTO DIRECTO | I40: =ROUND(I38/I6,3) -> 0.375
B42: UTILIDAD COMO % DEL COSTO DIRECTO | I42: 0.05
B44: TOTAL ADMINISTRACIÓN Y UTILIDAD COMO % DEL COSTO DIRECTO | I44: =I40+I42 -> 0.425
B55: Representante Legal | E55: INGENIERA AGRONOMA
B56: GUSTAVO EDUARDO AGUILAR DONNEYS | E56: ING. BRAHIAN ALEXIS VÁSQUEZ NARVAEZ
B58: De acuerdo con lo expresado en la Ley 842 de 2003 y debido a que el suscriptor de la presente propuesta no es Ingeniero matriculado, yo BRAHIAN ALEXIS VÁSQUEZ NARVAEZ Ingeniero con Matricula Profesional No. T.P.76209237073 VLL C.C. No 1.113.633.169 de Palmira, avalar la presente propuesta”

Sheet APU
B2: DISTRITO ESPECIAL DE SANTIAGO DE CALI Secretaria del Deporte y la Recreación | D2: ANALISIS DE PRECIOS UNITARIOS
B3: OBRA: REALIZAR EL MANTENIMIENTO DE CAMPOS DE JUEGO HÍBRIDO Y DE GRAMA NATURAL DE LOS ESCENARIOS DEPORTIVOS Y RECREATIVOS DE ALTO RENDIMIENTO DEL DISTRITO ESPECIAL SANTIAGO DE CALI | D3: Nº 4162.010.32.1.1056-2025
B4: PROPONENTE: GRARCO SAS
B6: ='[12]FORMATO 11 OFERTA ECONOM'!A9 -> 1.00
B7: ='FORMATO 13'!C12 -> MANTENIMIENTO CAMPO DE JUEGO HÍBRIDO DEL ESTADIO OLÍMPICO PASCUAL GUERRERO
B9: ='FORMATO 13'!C13 -> CEPILLADO: Movimiento de estolones de tal manera que queden en un sentido adecuado antes de realizar la labor de corte. El cepillado debe ser permanente y ajustado para la perfecta conservación de las gramillas. Siguiendo las indicaciones de la supervisión, interventoría o recomendaciones del contratista, debidamente aprobadas por el supervisor. Se realizará en sentido longitudinal y transversal utilizando una cepilladora manual tipo casette G860 de escobillas. Es necesario realizar cepillado antes de cada partido. Esto garantiza que el césped se presente de forma óptima definida por la entidad. Incluye, todos los materiales e insumos para su óptimo funcionamiento, operarios, herramienta menor y la recolección y disposición adecuada de los residuos. La maquinaria especializada tipo "brush soft" para esta actividad es provista por la entidad y deberá ser usada para el cepillado. Nota: Deberá garantizar el buen funcionamiento de la máquina durante la ejecución del contrato y deberá ser devuelta a la entidad en las mismas condiciones en las que fue entregada, asumiendo los costos asociados para este fin. | F9: UNIDAD: | G9: ='FORMATO 13'!D13 -> VECES
F10: ITEM: | G10: ='FORMATO 13'!B13 -> 1.01
B11: DESCRIPCION | C11: UND | D11: CANT. | E11: DESP.% | F11: PRECIO UNIT | G11: VALOR TOTAL
B13: MATERIALES
B14: =INSUMOS!$B$11 -> GASOLINA CORRIENTE | C14: =INSUMOS!$C$11 -> GLN | D14: 4 | E14: 0 | F14: =INSUMOS!$E$11 -> 16423 | G14: =TRUNC(D14 * (1 + E14 / 100) * F14,0) -> 65692
B15: =INSUMOS!$B$12 -> ACEITE MOTOR 4 TIEMPOS | C15: =INSUMOS!$C$12 -> GLN | D15: 0.01 | E15: 0 | F15: =INSUMOS!$E$12 -> 114944 | G15: =TRUNC(D15 * (1 + E15 / 100) * F15,0) -> 1149
B16: =INSUMOS!$B$13 -> BOLSAS PARA BASURA | C16: =INSUMOS!$C$13 -> UND | D16: 10 | E16: 0 | F16: =INSUMOS!$E$13 -> 2053 | G16: =TRUNC(D16 * (1 + E16 / 100) * F16,0) -> 20530
F18: SUBTOTAL MATERIALES | G18: =SUM(G14:G17) -> 87371
B19: MANO DE OBRA
B20: =INSUMOS!$B$72 -> M.O. 1 OFICIAL + 1 AYUDANTES | C20: =INSUMOS!$C$72 -> JORNAL | D20: 0.7143 | F20: =INSUMOS!$E$72 -> 308098 | G20: =TRUNC(D20 * (1 + E20 / 100) * F20,0) -> 220074
F22: SUBTOTAL- MANO DE OBRA | G22: =SUM(G20:G21) -> 220074
B23: EQUIPO
B24: =INSUMOS!$B$83 -> VOLQUETA 8 M3 CON BOTADERO CERTIFICADO | C24: =INSUMOS!$C$83 -> M3 | D24: 1 | F24: =INSUMOS!$E$83 -> 24812 | G24: =TRUNC(D24 * (1 + E24 / 100) * F24,0) -> 24812
F26: SUBTOTAL- EQUIPO | G26: =SUM(G24:G25) -> 24812
B27: OTROS
B28: =INSUMOS!$B$84 -> HERRAMIENTA MENOR | C28: =INSUMOS!$C$84 -> GLB | D28: 0.1 | F28: =INSUMOS!$E$84 -> 2174 | G28: =TRUNC(D28 * (1 + E28 / 100) * F28,0) -> 217
B29: =INSUMOS!$B$85 -> MANTENIMIENTO CORTADORA CASETTE G860 8 HOJAS | C29: =INSUMOS!$C$85 -> GLB | D29: 1 | F29: =INSUMOS!$E$85 -> 6281 | G29: =TRUNC(D29 * (1 + E29 / 100) * F29,0) -> 6281
F31: ="SUBTOTAL " &B27 -> SUBTOTAL OTROS | G31: =SUM(G28:G30) -> 6498
E33: COSTO DIRECTO | G33: =ROUND(G18+G22+G26+G31,0) -> 338755
B35: ='FORMATO 13'!C14 -> CORTE: Mantener la altura adecuada del césped para favorecer un crecimiento saludable del campo de juego híbrido. Se debe realizar un corte antes de cada partido o evento a toda la gramilla, o de acuerdo con las indicaciones de la supervisión y/o interventoría y/o recomendación del contratista, debidamente aprobadas por el supervisor con la finalidad de tener a la altura óptima el prado. Incluye la maquinaria, la maquinaria especializada, el combustible, el operario, recolección y botada de sobrantes. El corte debe ser permanente y ajustado para la perfecta conservación de las gramillas. Se realizará en sentido longitudinal y transversal utilizando una cortadora manual tipo casette G860 de 8 hojas, previa instalación de hilos para demarcaciones de las franjas. Esto garantiza que el césped mantenga la altura óptima definida por la entidad. Incluye, todos los materiales e insumos para su óptimo funcionamiento, operarios, herramienta menor y la recolección y disposición adecuada de los residuos. La maquinaria especializada tipo "casette G860 de 8 hojas" para esta actividad es provista por la entidad y deberá ser usada para el corte. Nota: Deberá garantizar el buen funcionamiento de la máquina durante la ejecución del contrato y deberá ser devuelta a la entidad en las mismas condiciones en las que fue entregada, asumiendo los costos asociados para este fin. | F35: UNIDAD: | G35: ='FORMATO 13'!D14 -> VECES
F36: ITEM: | G36: ='FORMATO 13'!B14 -> 1.02
B37: DESCRIPCION | C37: UND | D37: CANT. | E37: DESP.% | F37: PRECIO UNIT | G37: VALOR TOTAL
B39: MATERIALES
B40: =INSUMOS!$B$11 -> GASOLINA CORRIENTE | C40: =INSUMOS!$C$11 -> GLN | D40: 4 | E40: 0 | F40: =INSUMOS!$E$11 -> 16423 | G40: =TRUNC(D40 * (1 + E40 / 100) * F40,0) -> 65692
B41: =INSUMOS!$B$12 -> ACEITE MOTOR 4 TIEMPOS | C41: =INSUMOS!$C$12 -> GLN | D41: 0.01 | E41: 0 | F41: =INSUMOS!$E$12 -> 114944 | G41: =TRUNC(D41 * (1 + E41 / 100) * F41,0) -> 1149
B42: =INSUMOS!$B$13 -> BOLSAS PARA BASURA | C42: =INSUMOS!$C$13 -> UND | D42: 30 | E42: 0 | F42: =INSUMOS!$E$13 -> 2053 | G42: =TRUNC(D42 * (1 + E42 / 100) * F42,0) -> 61590
F44: SUBTOTAL MATERIALES | G44: =SUM(G40:G43) -> 128431
B45: MANO DE OBRA
B46: =INSUMOS!$B$73 -> M.O. 1 OFICIAL + 2 AYUDANTES | C46: =INSUMOS!$C$73 -> JORNAL | D46: 0.75 | F46: =INSUMOS!$E$73 -> 422209 | G46: =TRUNC(D46 * (1 + E46 / 100) * F46,0) -> 316656
B47: =INSUMOS!$B$78 -> INGENIERO AGRONOMO | C47: =INSUMOS!C78 -> JORNAL | D47: 0.5 | F47: =INSUMOS!E78 -> 236291 | G47: =TRUNC(D47 * (1 + E47 / 100) * F47,0) -> 118145
F49: SUBTOTAL- MANO DE OBRA | G49: =SUM(G46:G48) -> 434801
B50: EQUIPO
B51: =INSUMOS!$B$83 -> VOLQUETA 8 M3 CON BOTADERO CERTIFICADO | C51: =INSUMOS!$C$83 -> M3 | D51: 3 | F51: =INSUMOS!$E$83 -> 24812 | G51: =TRUNC(D51 * (1 + E51 / 100) * F51,0) -> 74436
F53: SUBTOTAL- EQUIPO | G53: =SUM(G51:G52) -> 74436
B54: OTROS
B55: =INSUMOS!$B$84 -> HERRAMIENTA MENOR | C55: =INSUMOS!$C$84 -> GLB | D55: 12.8835 | F55: =INSUMOS!$E$84 -> 2174 | G55: =TRUNC(D55 * (1 + E55 / 100) * F55,0) -> 28008
B56: =INSUMOS!$B$85 -> MANTENIMIENTO CORTADORA CASETTE G860 8 HOJAS | C56: =INSUMOS!$C$85 -> GLB | D56: 1 | F56: =INSUMOS!$E$85 -> 6281 | G56: =TRUNC(D56 * (1 + E56 / 100) * F56,0) -> 6281
F58: ="SUBTOTAL " &B54 -> SUBTOTAL OTROS | G58: =SUM(G55:G57) -> 34289
E60: COSTO DIRECTO | G60: =ROUND(G44+G49+G53+G58,0) -> 671957
B62: ='FORMATO 13'!C15 -> ASPIRADO: Extraer los residuos de estolones longevos y de corte. El Aspirado debe ser permanente y después de cada corte. Siguiendo las indicaciones de la supervisión, interventoría o recomendaciones del contratista, debidamente aprobadas por el supervisor. Se realizará en sentido longitudinal y transversal utilizando una máquina aspiradora manual PR 34, siguiendo las indicaciones de la supervisión, interventoría o recomendaciones del contratista, debidamente aprobadas por el supervisor. Incluye, todos los materiales e insumos para su óptimo funcionamiento, operarios, herramienta menor y la recolección y disposición adecuada de los residuos. La maquinaria especializada tipo "PR34" para esta actividad es provista por la entidad y deberá ser usada para el aspirado. Nota: Deberá garantizar el buen funcionamiento de la máquina durante la ejecución del contrato y deberá ser devuelta a la entidad en las mismas condiciones en las que fue entregada, asumiendo los costos asociados para este fin. | F62: UNIDAD: | G62: ='FORMATO 13'!D15 -> VECES
F63: ITEM: | G63: ='FORMATO 13'!B15 -> 1.03
B64: DESCRIPCION | C64: UND | D64: CANT. | E64: DESP.% | F64: PRECIO UNIT | G64: VALOR TOTAL
B66: MATERIALES
B67: =INSUMOS!$B$11 -> GASOLINA CORRIENTE | C67: =INSUMOS!$C$11 -> GLN | D67: 4 | E67: 0 | F67: =INSUMOS!$E$11 -> 16423 | G67: =TRUNC(D67 * (1 + E67 / 100) * F67,0) -> 65692
B68: =INSUMOS!$B$12 -> ACEITE MOTOR 4 TIEMPOS | C68: =INSUMOS!$C$12 -> GLN | D68: 0.01 | E68: 0 | F68: =INSUMOS!$E$12 -> 114944 | G68: =TRUNC(D68 * (1 + E68 / 100) * F68,0) -> 1149
B69: =INSUMOS!$B$13 -> BOLSAS PARA BASURA | C69: =INSUMOS!$C$13 -> UND | D69: 10 | E69: 0 | F69: =INSUMOS!$E$13 -> 2053 | G69: =TRUNC(D69 * (1 + E69 / 100) * F69,0) -> 20530
F71: SUBTOTAL MATERIALES | G71: =SUM(G67:G70) -> 87371
B72: MANO DE OBRA
B73: =INSUMOS!$B$72 -> M.O. 1 OFICIAL + 1 AYUDANTES | C73: =INSUMOS!$C$72 -> JORNAL | D73: 0.7 | F73: =INSUMOS!$E$72 -> 308098 | G73: =TRUNC(D73 * (1 + E73 / 100) * F73,0) -> 215668
F75: SUBTOTAL- MANO DE OBRA | G75: =SUM(G73:G74) -> 215668
B76: EQUIPO
B77: =INSUMOS!$B$83 -> VOLQUETA 8 M3 CON BOTADERO CERTIFICADO | C77: =INSUMOS!$C$83 -> M3 | D77: 1 | F77: =INSUMOS!$E$83 -> 24812 | G77: =TRUNC(D77 * (1 + E77 / 100) * F77,0) -> 24812
F79: SUBTOTAL- EQUIPO | G79: =SUM(G77:G78) -> 24812
B80: OTROS
B81: =INSUMOS!$B$84 -> HERRAMIENTA MENOR | C81: =INSUMOS!$C$84 -> GLB | D81: 2.1263 | F81: =INSUMOS!$E$84 -> 2174 | G81: =TRUNC(D81 * (1 + E81 / 100) * F81,0) -> 4622
B82: =INSUMOS!$B$85 -> MANTENIMIENTO CORTADORA CASETTE G860 8 HOJAS | C82: =INSUMOS!$C$85 -> GLB | D82: 1 | F82: =INSUMOS!$E$85 -> 6281 | G82: =TRUNC(D82 * (1 + E82 / 100) * F82,0) -> 6281
F84: ="SUBTOTAL " &B80 -> SUBTOTAL OTROS | G84: =SUM(G81:G83) -> 10903
E86: COSTO DIRECTO | G86: =ROUND(G71+G75+G79+G84,0) -> 338754
B88: ='FORMATO 13'!C16 -> RIEGO: Permanente dependiendo de las condiciones hidroclimátológicas y de la necesidad del campo. Siguiendo las indicaciones de la supervisión, interventoría o recomendaciones del contratista, debidamente aprobadas por el supervisor. Esta actividad incluye la operación del sistema de riego el cual debe ser continuo, El contratista deberá responder por las condiciones operativas del sistema de riego. Tener en cuenta que en algunos momentos, será necesario realizar el balance hídrico antes de aplicar el riego, para que su aplicación sea la adecuada. | F88: UNIDAD: | G88: ='FORMATO 13'!D16 -> MES
F89: ITEM: | G89: ='FORMATO 13'!B16 -> 1.04
B90: DESCRIPCION | C90: UND | D90: CANT. | E90: DESP.% | F90: PRECIO UNIT | G90: VALOR TOTAL
B92: MATERIALES
B93: =INSUMOS!$B$14 -> ASPERSORES T-7 | C93: =INSUMOS!$C$14 -> UND | D93: =1/3 -> 0.33333333 | F93: =INSUMOS!$E$14 -> 362236 | G93: =TRUNC(D93 * (1 + E93 / 100) * F93,0) -> 120745
B94: =INSUMOS!$B$15 -> VALVULAS ELECTRONICAS | C94: =INSUMOS!$C$15 -> UND | D94: =1/3 -> 0.33333333 | F94: =INSUMOS!$E$15 -> 955592 | G94: =TRUNC(D94 * (1 + E94 / 100) * F94,0) -> 318530
B95: =INSUMOS!$B$16 -> TUBERIA Y ACCESORIOS PRESION DIFERENTES DIAMETROS 2 | C95: =INSUMOS!$C$16 -> GLB | D95: =1/3 -> 0.33333333 | F95: =INSUMOS!$E$16 -> 106010 | G95: =TRUNC(D95 * (1 + E95 / 100) * F95,0) -> 35336
B96: =INSUMOS!$B$17 -> COMPONENTES ELECTRONICOS VARIOS 2 | C96: =INSUMOS!$C$17 -> GLB | D96: =1/3 -> 0.33333333 | F96: =INSUMOS!$E$17 -> 155948 | G96: =TRUNC(D96 * (1 + E96 / 100) * F96,0) -> 51982
F98: SUBTOTAL MATERIALES | G98: =SUM(G93:G97) -> 526593
B99: MANO DE OBRA
B100: =INSUMOS!$B$71 -> M.O. 1 OFICIAL | C100: =INSUMOS!$C$71 -> JORNAL | D100: 1.15 | F100: =INSUMOS!$E$71 -> 193987 | G100: =TRUNC(D100 * (1 + E100 / 100) * F100,0) -> 223085
F102: SUBTOTAL- MANO DE OBRA | G102: =SUM(G100:G101) -> 223085
B103: EQUIPO
B104: =INSUMOS!$B$86 -> MANTENIMIENTO BOMBA PRESION 10 H.P | C104: =INSUMOS!$C$86 -> MES | D104: 1 | F104: =INSUMOS!$E$86 -> 351747 | G104: =TRUNC(D104 * (1 + E104 / 100) * F104,0) -> 351747
F106: SUBTOTAL- EQUIPO | G106: =SUM(G104:G105) -> 351747
B107: OTROS
B108: =INSUMOS!$B$84 -> HERRAMIENTA MENOR | C108: =INSUMOS!$C$84 -> GLB | D108: 1.2462 | F108: =INSUMOS!$E$84 -> 2174 | G108: =TRUNC(D108 * (1 + E108 / 100) * F108,0) -> 2709
F110: ="SUBTOTAL " &B107 -> SUBTOTAL OTROS | G110: =SUM(G108:G109) -> 2709
E112: COSTO DIRECTO | G112: =ROUND(G98+G102+G106+G110,0) -> 1104134
B114: ='FORMATO 13'!C17 -> DESHIERBE Y CONTROL DE MALEZAS: Eliminar las arvenses de hoja ancha y de hoja delgada que se presenten en el área de gramado. Siguiendo las indicaciones de la supervisión, interventoría o recomendaciones del contratista, debidamente aprobadas por el supervisor. Esta actividad debe ser de forma manual y permanente para evitar la presencia de malezas que puedan contaminar el césped, la frecuencia puede variar según el grado de infestación presente. Incluye: Insumos biológicos, mano de obra, equipos y herramientas necesarias. En caso de que se necesite usar un herbicida selectivo debe ser aprobado por el supervisor. | F114: UNIDAD: | G114: ='FORMATO 13'!D17 -> MES
F115: ITEM: | G115: ='FORMATO 13'!B17 -> 1.05
B116: DESCRIPCION | C116: UND | D116: CANT. | E116: DESP.% | F116: PRECIO UNIT | G116: VALOR TOTAL
B118: MATERIALES
B119: =INSUMOS!$B$13 -> BOLSAS PARA BASURA | C119: =INSUMOS!$C$13 -> UND | D119: 15 | E119: 0 | F119: =INSUMOS!$E$13 -> 2053 | G119: =TRUNC(D119 * (1 + E119 / 100) * F119,0) -> 30795
B120: =INSUMOS!$B$18 -> GUADAÑA | C120: =INSUMOS!$C$18 -> DIA | D120: 2 | E120: 0 | F120: =INSUMOS!$E$18 -> 29774 | G120: =TRUNC(D120 * (1 + E120 / 100) * F120,0) -> 59548
B121: =INSUMOS!$B$19 -> COADYUDANTE I-NEX A | C121: =INSUMOS!$C$19 -> GLB | D121: 0.2 | E121: 0 | F121: =INSUMOS!$E$19 -> 55275 | G121: =TRUNC(D121 * (1 + E121 / 100) * F121,0) -> 11055
F123: SUBTOTAL MATERIALES | G123: =SUM(G119:G122) -> 101398
B124: MANO DE OBRA
B125: =INSUMOS!$B$72 -> M.O. 1 OFICIAL + 1 AYUDANTES | C125: =INSUMOS!$C$72 -> JORNAL | D125: 2 | F125: =INSUMOS!$E$72 -> 308098 | G125: =TRUNC(D125 * (1 + E125 / 100) * F125,0) -> 616196
F127: SUBTOTAL- MANO DE OBRA | G127: =SUM(G125:G126) -> 616196
B128: EQUIPO
B129: =INSUMOS!$B$87 -> FUMIGADORA | C129: =INSUMOS!$C$87 -> JORNAL | D129: 2 | F129: =INSUMOS!$E$87 -> 10367 | G129: =TRUNC(D129 * (1 + E129 / 100) * F129,0) -> 20734
F131: SUBTOTAL- EQUIPO | G131: =SUM(G129:G130) -> 20734
B132: OTROS
B133: =INSUMOS!$B$84 -> HERRAMIENTA MENOR | C133: =INSUMOS!$C$84 -> GLB | D133: 27.9235 | F133: =INSUMOS!$E$84 -> 2174 | G133: =TRUNC(D133 * (1 + E133 / 100) * F133,0) -> 60705
F135: ="SUBTOTAL " &B132 -> SUBTOTAL OTROS | G135: =SUM(G133:G134) -> 60705
E137: COSTO DIRECTO | G137: =ROUND(G123+G127+G131+G135,0) -> 799033
...

Sheet INSUMOS
B5: DISTRITO ESPECIAL DE SANTIAGO DE CALI Secretaria del Deporte y la Recreación | D5: ANALISIS DE PRECIOS UNITARIOS
B6: OBRA: REALIZAR EL MANTENIMIENTO DE CAMPOS DE JUEGO HÍBRIDO Y DE GRAMA NATURAL DE LOS ESCENARIOS DEPORTIVOS Y RECREATIVOS DE ALTO RENDIMIENTO DEL DISTRITO ESPECIAL SANTIAGO DE CALI | D6: Nº 4162.010.32.1.1056-2025
B7: PROPONENTE: GRARCO SAS
B9: MATERIALES | F9: =SUM(F12:F63) -> 0
B10: DESCRIPCION | C10: UND | D10: CANT. | E10: VR. UNIT. | F10: VR.TOTAL
B11: GASOLINA CORRIENTE | C11: GLN | E11: =ROUND(16758*$Y$11,0) -> 16423 | F11: =ROUND(D11*E11,0) -> 0 | Y11: 0.98
B12: ACEITE MOTOR 4 TIEMPOS | C12: GLN | E12: =ROUND(117290*$Y$11,0) -> 114944 | F12: =ROUND(D12*E12,0) -> 0
B13: BOLSAS PARA BASURA | C13: UND | E13: =ROUND(2095*$Y$11,0) -> 2053 | F13: =ROUND(D13*E13,0) -> 0
B14: ASPERSORES T-7 | C14: UND | E14: =ROUND(369629*$Y$11,0) -> 362236 | F14: =ROUND(D14*E14,0) -> 0
B15: VALVULAS ELECTRONICAS | C15: UND | E15: =ROUND(975094*$Y$11,0) -> 955592 | F15: =ROUND(D15*E15,0) -> 0
B16: TUBERIA Y ACCESORIOS PRESION DIFERENTES DIAMETROS 2 | C16: GLB | E16: =ROUND(108173*$Y$11,0) -> 106010 | F16: =ROUND(D16*E16,0) -> 0
B17: COMPONENTES ELECTRONICOS VARIOS 2 | C17: GLB | E17: =ROUND(159131*$Y$11,0) -> 155948 | F17: =ROUND(D17*E17,0) -> 0
B18: GUADAÑA | C18: DIA | E18: =ROUND(30382*$Y$11,0) -> 29774 | F18: =ROUND(D18*E18,0) -> 0
B19: COADYUDANTE I-NEX A | C19: GLB | E19: =ROUND(56403*$Y$11,0) -> 55275 | F19: =ROUND(D19*E19,0) -> 0
B20: ISABION | C20: LITRO | E20: =ROUND(79989*$Y$11,0) -> 78389 | F20: =ROUND(D20*E20,0) -> 0
B21: POLY FEED TRIPLE 19 | C21: KG | E21: =ROUND(9691*$Y$11,0) -> 9497 | F21: =ROUND(D21*E21,0) -> 0
B22: NITRATO DE CALICO | C22: KG | E22: =ROUND(5995*$Y$11,0) -> 5875 | F22: =ROUND(D22*E22,0) -> 0
B23: KELATO DE HIERRO | C23: KG | E23: =ROUND(64606*$Y$11,0) -> 63314 | F23: =ROUND(D23*E23,0) -> 0
B24: KELATO DE MAGNESIO | C24: KG | E24: =ROUND(59223*$Y$11,0) -> 58039 | F24: =ROUND(D24*E24,0) -> 0
B25: ALGAS MARINAS | C25: KG | E25: =ROUND(257401*$Y$11,0) -> 252253 | F25: =ROUND(D25*E25,0) -> 0
B26: MICORRIZAS | C26: LITRO | E26: =ROUND(60504*$Y$11,0) -> 59294 | F26: =ROUND(D26*E26,0) -> 0
B27: TRICHODERMA | C27: LITRO | E27: =ROUND(71785*$Y$11,0) -> 70349 | F27: =ROUND(D27*E27,0) -> 0
B28: BEAUVERIA BAUSSINIA | C28: LITRO | E28: =ROUND(49224*$Y$11,0) -> 48240 | F28: =ROUND(D28*E28,0) -> 0
B29: FACELOMICIS | C29: LITRO | E29: =ROUND(46147*$Y$11,0) -> 45224 | F29: =ROUND(D29*E29,0) -> 0
B30: VTACILUS TURIGENCIS | C30: LITRO | E30: =ROUND(33326*$Y$11,0) -> 32659 | F30: =ROUND(D30*E30,0) -> 0
B31: AMISTAR TOP | C31: LITRO | E31: =ROUND(86001*$Y$11,0) -> 84281 | F31: =ROUND(D31*E31,0) -> 0
B32: JUEGO DE PINES SOLIDOS | C32: UND | E32: =ROUND(328161*$Y$11,0) -> 321598 | F32: =ROUND(D32*E32,0) -> 0
B33: JUEGO DE CUCHILLAS TIPO CORBATIN | C33: UND | E33: =ROUND(328161*$Y$11,0) -> 321598 | F33: =ROUND(D33*E33,0) -> 0
B34: ARENA MEDIANA LAVADA SELECCIONADA | C34: M3 | E34: =ROUND(80000*$Y$11,0) -> 78400 | F34: =ROUND(D34*E34,0) -> 0
B35: PINTURA VINILO TIPO II | C35: GLN | E35: =ROUND(60000*$Y$11,0) -> 58800 | F35: =ROUND(D35*E35,0) -> 0
B36: DETERGENTE EN POLVO | C36: KG | E36: =ROUND(13571*$Y$11,0) -> 13300 | F36: =ROUND(D36*E36,0) -> 0
B37: RASTRILLO PLÁSTICO | C37: UND | E37: =ROUND(29774*$Y$11,0) -> 29179 | F37: =ROUND(D37*E37,0) -> 0
B38: TELAR SINTETICO TIPO ALFOMBRA 1.50X3.00 | C38: UND | E38: =ROUND(229919*$Y$11,0) -> 225321 | F38: =ROUND(D38*E38,0) -> 0
B39: CARRETA TIPO BUGUI | C39: DIA | E39: =ROUND(4760*$Y$11,0) -> 4665 | F39: =ROUND(D39*E39,0) -> 0
B40: ESCOBA PLASTICA DE CERDA FINA ANCHA | C40: UND | E40: =ROUND(7364*$Y$11,0) -> 7217 | F40: =ROUND(D40*E40,0) -> 0
B41: MANGUERA PARA RIEGO 2" TIPO BOMBERO DE 200ML | C41: ML | E41: =ROUND(6793*$Y$11,0) -> 6657 | F41: =ROUND(D41*E41,0) -> 0
B42: CAÑON 50 (DIAMETRO DE RIEGO 50ML) | C42: UND | E42: =ROUND(1758927*$Y$11,0) -> 1723748 | F42: =ROUND(D42*E42,0) -> 0
B43: TRIPODE | C43: UND | E43: =ROUND(390872*$Y$11,0) -> 383055 | F43: =ROUND(D43*E43,0) -> 0
B44: AGUA | C44: LTS | E44: =ROUND(41*$Y$11,0) -> 40 | F44: =ROUND(D44*E44,0) -> 0
B45: BIOABONO "EL CEDRO" X 40 KILOS | C45: UND | E45: =ROUND(29000*$Y$11,0) -> 28420 | F45: =ROUND(D45*E45,0) -> 0
B46: CAMPOFERY HUMUS X LITRO | C46: UND | E46: =ROUND(26786*$Y$11,0) -> 26250 | F46: =ROUND(D46*E46,0) -> 0
B47: SOLUTEC INICIO X KILO | C47: UND | E47: =ROUND(18163*$Y$11,0) -> 17800 | F47: =ROUND(D47*E47,0) -> 0
B48: DKP-500 X LITRO | C48: UND | E48: =ROUND(55966*$Y$11,0) -> 54847 | F48: =ROUND(D48*E48,0) -> 0
B49: SULFEX HIERRO X KILO | C49: UND | E49: =ROUND(7243*$Y$11,0) -> 7098 | F49: =ROUND(D49*E49,0) -> 0
B50: CIAMSA UREA X 50KSG | C50: UND | E50: =ROUND(231420*$Y$11,0) -> 226792 | F50: =ROUND(D50*E50,0) -> 0
B51: YARA TRIPLE QUINCE GRADO 15-15-15 X 50 KILOS | C51: UND | E51: =ROUND(298902*$Y$11,0) -> 292924 | F51: =ROUND(D51*E51,0) -> 0
B52: YARA BELA NITROMAG GRADO 21-0-0-7 X 50 KILOS | C52: UND | E52: =ROUND(94958*$Y$11,0) -> 93059 | F52: =ROUND(D52*E52,0) -> 0
B53: TIERRA NEGRA | C53: M3 | E53: =ROUND(60114*$Y$11,0) -> 58912 | F53: =ROUND(D53*E53,0) -> 0
B54: YOYO CON 3 ADAPTADORES X UNIDAD | C54: UND | E54: =ROUND(38282*$Y$11,0) -> 37516 | F54: =ROUND(D54*E54,0) -> 0
B55: LUXOR MOTOS 4T SAE 20W50 MA-2 API SL X CUATRO | C55: UND | E55: =ROUND(36932*$Y$11,0) -> 36193 | F55: =ROUND(D55*E55,0) -> 0
B56: COMBATE SL | C56: UND | E56: =ROUND(36543*$Y$11,0) -> 35812 | F56: =ROUND(D56*E56,0) -> 0
B57: GLIFOSOL SL | C57: UND | E57: =ROUND(46330*$Y$11,0) -> 45403 | F57: =ROUND(D57*E57,0) -> 0
B58: LIMA PAREJA NICHOLSON TR | C58: UND | E58: =ROUND(10921*$Y$11,0) -> 10703 | F58: =ROUND(D58*E58,0) -> 0
B59: PLUVIOMETRO MEDIDOR DE LLUVIA X 140MM | C59: UND | E59: =ROUND(96108*$Y$11,0) -> 94186 | F59: =ROUND(D59*E59,0) -> 0
B60: GUANTE INGENIERIA MANGA CORTA P15 | C60: UND | E60: =ROUND(12991*$Y$11,0) -> 12731 | F60: =ROUND(D60*E60,0) -> 0
B61: POLVO DE LADRILLO 1/2 TONELADA PARA INFILD | C61: TON | E61: =ROUND((492796)*$Y$11,0) -> 482940 | F61: =ROUND(D61*E61,0) -> 0
B62: POLVO DE LADRILLO 1/2 TONELADA PARA TABLA BATEO | C62: TON | E62: =ROUND((492796)*$Y$11,0) -> 482940 | F62: =ROUND(D62*E62,0) -> 0
B65: MANO DE OBRA | F65: =SUM(F67:F79) -> 0
B66: DESCRIPCION | C66: UND | D66: CANT. | E66: VR. UNIT. | F66: VR.TOTAL
B67: AYUDANTE DE OBRA | C67: JORNAL | E67: =E68/2 -> 114110.5 | F67: =ROUND(D67*E67,0) -> 0
B68: M.O. ALBAÑILERIA 2 AYUDANTES | C68: JORNAL | E68: =ROUND(232879*$Y$11,0) -> 228221 | F68: =ROUND(D68*E68,0) -> 0
B69: M.O. ALBAÑILERIA 3 AYUDANTES | C69: JORNAL | E69: =E67*3 -> 342331.5
B70: M.O. ALBAÑILERIA 4 AYUDANTES | C70: JORNAL | E70: =E67*4 -> 456442
B71: M.O. 1 OFICIAL | C71: JORNAL | E71: =ROUND(197946*$Y$11,0) -> 193987 | F71: =ROUND(D71*E71,0) -> 0
B72: M.O. 1 OFICIAL + 1 AYUDANTES | C72: JORNAL | E72: =ROUND(314386*$Y$11,0) -> 308098 | F72: =ROUND(D72*E72,0) -> 0
B73: M.O. 1 OFICIAL + 2 AYUDANTES | C73: JORNAL | E73: =ROUND(430826*$Y$11,0) -> 422209 | F73: =ROUND(D73*E73,0) -> 0
B74: M.O. 1 OFICIAL + 3 AYUDANTES | C74: HC | E74: =E71+E69 -> 536318.5 | F74: =ROUND(D74*E74,0) -> 0
B75: M.O. 1 OFICIAL + 4 AYUDANTES | C75: HC | E75: =E70+E71 -> 650429 | F75: =ROUND(D75*E75,0) -> 0
B76: M.O. 1 OFICIAL + 5 AYUDANTES | C76: HC | E76: =(E67*5)+E71 -> 764539.5 | F76: =ROUND(D76*E76,0) -> 0
B77: M.O. TOPOGRAFIA 1 CADENERO-1 TOP | C77: JORNAL | E77: =ROUND((758564)*$Y$11,0) -> 743393 | F77: =ROUND(D77*E77,0) -> 0
B78: INGENIERO AGRONOMO | C78: JORNAL | E78: =ROUND(241113*$Y$11,0) -> 236291 | F78: =ROUND(D78*E78,0) -> 0
B81: EQUIPO | F81: =SUM(F83:F102) -> 0
B82: DESCRIPCION | C82: UND | D82: CANT. | E82: VR. UNIT. | F82: VR.TOTAL
B83: VOLQUETA 8 M3 CON BOTADERO CERTIFICADO | C83: M3 | E83: =ROUND(25318*$Y$11,0) -> 24812 | F83: =ROUND(D83*E83,0) -> 0
B84: HERRAMIENTA MENOR | C84: GLB | E84: =ROUND(2218*$Y$11,0) -> 2174 | F84: =ROUND(D84*E84,0) -> 0
B85: MANTENIMIENTO CORTADORA CASETTE G860 8 HOJAS | C85: GLB | E85: =ROUND(6409*$Y$11,0) -> 6281 | F85: =ROUND(D85*E85,0) -> 0
B86: MANTENIMIENTO BOMBA PRESION 10 H.P | C86: MES | E86: =ROUND(358926*$Y$11,0) -> 351747 | F86: =ROUND(D86*E86,0) -> 0
B87: FUMIGADORA | C87: JORNAL | E87: =ROUND(10579*$Y$11,0) -> 10367 | F87: =ROUND(D87*E87,0) -> 0
B88: MANTENIMIENTO AIREADOR AUTOPROPULSADO | C88: GLB | E88: =ROUND(5640*$Y$11,0) -> 5527 | F88: =ROUND(D88*E88,0) -> 0
B89: MANTENIMIENTO MAQUINARIA BLADE CASETTE | C89: GLB | E89: =ROUND(5859*$Y$11,0) -> 5742 | F89: =ROUND(D89*E89,0) -> 0
B90: MANTENIMIENTO MAQUINARIA MATE-R-MATIC DE 0.33M3 | C90: GLB | E90: =ROUND(51275*$Y$11,0) -> 50250 | F90: =ROUND(D90*E90,0) -> 0
B91: MANTENIMIENTO MAQUINARIA LINE MARKER | C91: GLB | E91: =ROUND(95000*$Y$11,0) -> 93100
B92: ANALISIS FOLIAR DE LABORATORIO | C92: GBL | E92: 966666 | F92: =ROUND(D92*E92,0) -> 0
B93: HIDROLAVADORA | C93: DIA | E93: =ROUND(264453*$Y$11,0) -> 259164 | F93: =ROUND(D93*E93,0) -> 0
B94: CORTACESPED TIPO GREENERA A GASOLINA | C94: GLB | E94: =ROUND(950000*$Y$11,0) -> 931000
B95: SPRAYER | C95: DIA | E95: =ROUND(168081*$Y$11,0) -> 164719 | F95: =ROUND(D95*E95,0) -> 0
B96: BOMBA ESTACIONARIA | C96: DIA | E96: =ROUND(66113*$Y$11,0) -> 64791 | F96: =ROUND(D96*E96,0) -> 0
B97: CANECA 55 GALONES | C97: UND | E97: =ROUND(31548*$Y$11,0) -> 30917 | F97: =ROUND(D97*E97,0) -> 0
B98: RODILLO CON CHUZOS | C98: DIA | E98: =ROUND(50000*$Y$11,0) -> 49000 | F98: =ROUND(D98*E98,0) -> 0
B99: CARRETA TIPO BUGUI | C99: DIA | E99: =ROUND(4760*$Y$11,0) -> 4665 | F99: =ROUND(D99*E99,0) -> 0
B100: ARENADORA A GASOLINA | C100: DIA | E100: =ROUND(64795*$Y$11,0) -> 63499 | F100: =ROUND(D100*E100,0) -> 0
B101: GUADAÑADORA | C101: DIA | E101: =ROUND(55758*$Y$11,0) -> 54643 | F101: =ROUND(D101*E101,0) -> 0
E104: VALOR TOTAL INSUMOS | F104: =F81+F65+F9 -> 0
B111: Representante Legal | E111: INGENIERA AGRONOMA
B112: GUSTAVO EDUARDO AGUILAR DONNEYS | E112: ING. BRAHIAN ALEXIS VÁSQUEZ NARVAEZ
B114: De acuerdo con lo expresado en la Ley 842 de 2003 y debido a que el suscriptor de la presente propuesta no es Ingeniero matriculado, yo BRAHIAN ALEXIS VÁSQUEZ NARVAEZ Ingeniero con Matricula Profesional No. T.P.76209237073 VLL C.C. No 1.113.633.169 de Palmira, avalar la presente propuesta”
